 Dungeon Crawl Stone Soup version 0.29.0-4-gdea44cf6ec (webtiles) character file.

Game seed: 17215823099806486800

63290 qw the Severer (level 14, 1/1 (113) HPs)
             Began as a Demonspawn Cinder Acolyte on Sept 8, 2022.
             Was an Initiate of Ignis.
             Tarried too long and was consumed by Zot
             ... on level 6 of the Dungeon.
             The game lasted 00:24:41 (45745 turns).

qw the Severer (Demonspawn Cinder Acolyte)         Turns: 45745, Time: 00:24:41

HP:   1/1 (113)     AC: 28    Str: 23    XL:     14   Next: 67%
MP:   15/15         EV:  9    Int: 13    God:    Ignis [......]
Gold: 1225          SH: 17    Dex: 20    Spells: 15/15 levels left

rFire   + . .      SeeInvis .   g - +2 war axe (freeze)
rCold   . . .      Faith    .   d - +0 kite shield
rNeg    . . .      Spirit   +   h - +9 plate armour
rPois   +          Reflect  .   (helmet unavailable)
rElec   .          Harm     .   k - +1 cloak of the Enchanted Forest {Str+4}
rCorr   .          Rampage  .   (no gloves)
Will    +....                   p - +2 pair of boots
Stlth   ..........              r - amulet of Intercession {Regen+ Int-4 Dex+6}
HPRegen 0.80/turn               a - +6 ring of dexterity
MPRegen 0.28/turn               (no ring)

@: extremely drained, bezotted and risking death
A: horns 3, magic shield, magic regeneration, sanguine armour 2, large bone
plates 1, poison resistance, noise suppression
a: Renounce Religion, Rising Flame


You were on level 6 of the Dungeon.
You worshipped Ignis.
Ignis was noncommittal.
You visited 2 branches of the dungeon, and saw 16 of its levels.

You collected 1347 gold pieces.
You spent 122 gold pieces at shops.


Innate Abilities, Weirdness & Mutations

You have a pair of large horns on your head.
When hurt, damage is shared between your health and your magic reserves.
You regenerate magic rapidly.
When seriously injured, your blood forms thick armour. (AC +0)
You are partially covered in large bone plates. (SH +4)
Your system is resistant to poisons. (rPois)
You passively dampen the noise of your surroundings.


   Skills:
 - Level 11.0 Fighting
 - Level 16.0 Axes
 - Level 5.0 Throwing
 - Level 9.0 Armour
 - Level 6.0 Dodging
 + Level 10.3 Shields
 - Level 1.0 Spellcasting
 - Level 2.6 Fire Magic


You had 15 spell levels left.
You didn't know any spells.
Your spell library contained the following spells:

 Spells                   Type           Power      Damage    Failure   Level
 Scorch                   Fire           14%        2d5       99%         2

Inventory:

Hand Weapons
 g - a +2 war axe of freezing (weapon)
 l - a +0 flail
Armour
 d - a +0 kite shield (worn)
 e - the +15 Maxwell's patent armour {-Cast -Tele rElec Will+ rCorr}
   (You found it on level 5 of the Lair of Beasts)

   rElec:     It insulates you from electricity.
   -Cast:     It prevents spellcasting.
   -Tele:     It prevents most forms of teleportation.
   rCorr:     It protects you from acid and corrosion.
   Will:      It increases your willpower.
 h - a +9 plate armour (worn)
 k - the +1 cloak of the Enchanted Forest (worn) {Str+4}
   (You found it on level 3 of the Dungeon)

   Str:       It affects your strength (+4).
 p - a +2 pair of boots (worn)
Jewellery
 a - a +6 ring of dexterity (left hand)
 r - the amulet of Intercession (around neck) {Regen+ Int-4 Dex+6}
   (You found it on level 11 of the Dungeon)

   [amulet of regeneration]

   Int:       It affects your intelligence (-4).
   Dex:       It affects your dexterity (+6).
   Regen:     It increases your rate of health regeneration.
Scrolls
 c - 9 scrolls of identify
Potions
 b - a potion of heal wounds
 f - a potion of resistance
 i - 8 potions of curing
 j - 2 potions of mutation
 m - a potion of might
 n - 3 potions of haste

Dungeon Overview and Level Annotations

Branches:
Dungeon (11/15) Zot: -1! Temple (0/1) D:6 Lair (5/5) D:11 Swamp (0/4) Lair:3 Spider (0/4) Lair:2 Slime (0/5) Lair:5 Orc (0/2) D:9 You are so drained that the power of Zot will kill you!

Altars:
Dithmenos
Fedhas
Gozag
Hepliaklqana
Makhleb
Nemelex Xobeh
Okawaru
Qazlal
Ru
Sif Muna
Wu Jian
Jiyva
Lugonu

Shops:
D:1 !   D:2 (   D:4 *   D:5 (=   D:8 :

Portals:
Abyss: Lair:5


Message History

Enter note:
Enter note:
Enter note:
Enter note:
Enter note:
Enter note:
Enter note:
Enter note:
Enter note:
Enter note:
Enter note: Done exploring.
(D) Dungeon (T) Temple (L) Lair (S) Swamp (N) Spider Nest (M) Slime Pits (O) Orcish Mines
Where to? (* - list waypoints, Enter - D:5, ? - help)
What level of the Dungeon? (default 1, ? - help)
You climb downwards.
There is a stone staircase leading up, spattered with blood here.
Done exploring.
45740 ||| PLANNING CONVERSION TO OKAWARU Done exploring.
45740 ||| PLANNING D:1-11
45740 ||| Stepping randomly (stuck).
Things that are here:
a +0 robe; a +0 hand axe Done exploring.
(D) Dungeon (T) Temple (L) Lair (S) Swamp (N) Spider Nest (M) Slime Pits (O) Orcish Mines
Where to? (* - list waypoints, Enter - D:6, ? - help)
What level of the Dungeon? (default 1, ? - help)
There is a stone staircase leading up, spattered with blood here.
You climb upwards.
There is a stone staircase leading down, spattered with blood here.
Done exploring.
(D) Dungeon (T) Temple (L) Lair (S) Swamp (N) Spider Nest (M) Slime Pits (O) Orcish Mines
Where to? (* - list waypoints, Enter - D:5, ? - help)
What level of the Dungeon? (default 1, ? - help)
You climb downwards.
Zot unmakes you!
You die...

#####.......## #.## ##
###?...........## #.# .#
#...............#######.## .#
#.#.###.....<....(.......# .#
#.#.###..........######..# .##
#.........)......# #... ..#
###.##.#.....#.### ##.# .<#
#.##.#.....#.# #.# ..#
#......@[###+## #.# ###
####.######...## #.. # ##.#.##
##.....## ##. #
##.#...###.......## ##..
#########.###...#.........####...
.........## ##..'.........+......
#########.###...#.........####...
# ##.#...###.......## ##.. ###
##.#### ##.....## ##.


There were no monsters in sight!

Vanquished Creatures
  Gastronok (Lair:2)
  Josephine (D:11)
  Erolcha (D:9)
  5 hydras
  Erica (D:8)
  4 two-headed ogres
  4 death yaks (Lair:5)
  A tengu warrior (D:11)
  Urug (Lair:2)
  3 thrashing horrors (Lair:5)
  Nergalle (Lair:2)
  A skeletal warrior (D:11)
  A lindwurm (Lair:2)
  2 bog bodies (Lair:3)
  6 ugly things
  3 cyclopes (D:11)
  A manticore (D:11)
  10 elephants
  12 cane toads
  4 black mambas
  3 smoke demons (Lair:5)
  Maggie (D:9)
  A torpor snail (Lair:5)
  7 komodo dragons
  3 rime drakes
  2 ancient zymes (Lair:5)
  A polar bear (Lair:4)
  A queen bee (Lair:3)
  3 burning bushes (Lair:2)
  44 blink frogs
  4 dream sheep (Lair:5)
  14 small abominations (Lair:5)
  2 jumping spiders (Lair:2)
  4 culicivoras (Lair:2)
  2 shadows
  A spriggan (Lair:5)
  4 wyverns
  4 wraiths (D:11)
  9 basilisks
  2 ynoxinuls (Lair:5)
  56 yaks
  A steam dragon (Lair:3)
  3 redbacks (Lair:2)
  2 large abominations (Lair:5)
  A chaos spawn (Lair:5)
  Edmund (D:6)
  11 water moccasins
  2 acid dragons
  2 black bears
  3 orc warriors
  A sky beast (D:7)
  8 wolves
  4 centaurs
  A phantom (D:5)
  3 kobold brigands
  Blork the orc (D:6)
  6 bullfrogs
  A gnoll sergeant (D:8)
  2 necrophages
  3 scorpions
  4 wights
  40 killer bees
  3 electric eels
  3 howler monkeys
  2 hounds
  7 orc priests
  4 iguanas
  Jessica (D:2)
  Terence (D:2)
  5 orc wizards
  A hell rat (Lair:3)
  4 gnolls (D:8)
  5 adders
  A river rat (Lair:3)
  2 shadow imps
  2 white imps
  2 worms (D:3)
  3 dart slugs
  27 orcs
  4 bats
  6 endoplasms
  9 giant cockroaches
  8 goblins
  7 hobgoblins
  8 jackals
  A quokka (D:4)
  A ball python (D:2)
  5 frilled lizards
  19 kobolds
  5 rats
  A bush (Lair:2)
478 creatures vanquished.

Vanquished Creatures (others)
  A bush (Lair:2)
  25 fungi
  58 plants
  2 withered plants (D:1)
86 creatures vanquished.

Grand Total: 564 creatures vanquished

Notes
Turn   | Place    | Note
-------+----------+-------------------------------------------
     0 | D:1      | qw the Demonspawn Cinder Acolyte began the quest for the
                  | Orb.
     0 | D:1      | Reached XP level 1. HP: 18/18 MP: 2/2
     0 | D:1      | 0 ||| qw: Version: 0.1-a-112-g44dc6cd
     0 | D:1      | 0 ||| qw: Game counter: 6734
     0 | D:1      | 0 ||| qw: Always use a shield: true
     0 | D:1      | 0 ||| qw: God list: Okawaru
     0 | D:1      | 0 ||| qw: Allow faded altars: false
     0 | D:1      | 0 ||| qw: Do Orc after D:15 true
     0 | D:1      | 0 ||| qw: Do second Lair branch before Depths: true
     0 | D:1      | 0 ||| qw: Lair rune preference: random
     0 | D:1      | 0 ||| qw: Plans: Normal
     0 | D:1      | 0 ||| PLANNING D:1-11
    85 | D:1      | Reached skill level 3 in Axes
   224 | D:1      | Found Tiudihes's Distillery.
   229 | D:1      | 229 ||| SHOPLISTING 2 potions of haste (260 gold, have 14).
   229 | D:1      | 229 ||| SHOPLISTING potion of curing (39 gold, have 14).
   229 | D:1      | 229 ||| SHOPLISTING potion of mutation (104 gold, have 14).
   229 | D:1      | 229 ||| SHOPLISTING potion of resistance (130 gold, have
                  | 14).
   246 | D:1      | 246 ||| Stepping ~*~*~tactically~*~*~ (stealth).
   290 | D:1      | 290 ||| Stepping ~*~*~tactically~*~*~ (stealth).
   334 | D:1      | Gained mutation: You regenerate magic rapidly. [demonic
                  | ancestry]
   334 | D:1      | Reached XP level 2. HP: 24/24 MP: 3/3
   342 | D:1      | 342 ||| Stepping ~*~*~tactically~*~*~ (stealth).
   344 | D:1      | 344 ||| Stepping ~*~*~tactically~*~*~ (stealth).
   356 | D:1      | 356 ||| INVOKING Fiery Armour.
   498 | D:1      | 498 ||| Stepping ~*~*~tactically~*~*~ (stealth).
   531 | D:1      | 531 ||| Stepping ~*~*~tactically~*~*~ (stealth).
   741 | D:1      | Found a faded altar of an unknown god.
   749 | D:1      | 749 ||| Stepping ~*~*~tactically~*~*~ (stealth).
   750 | D:1      | 750 ||| Stepping ~*~*~tactically~*~*~ (stealth).
  1163 | D:1      | Reached XP level 3. HP: 23/29 MP: 4/4
  1503 | D:1      | 1503 ||| UPGRADING to +0 ring mail.
  1513 | D:1      | 1513 ||| DROPPING +0 robe.
  1514 | D:1      | 1514 ||| UPGRADING to +0 scale mail.
  1524 | D:1      | 1524 ||| DROPPING +0 ring mail.
  1525 | D:1      | 1525 ||| DROPPING ring of magical power.
  1526 | D:1      | 1526 ||| READING 2 scrolls labelled KOURCHI QACUH.
  1527 | D:1      | 1527 ||| READING scroll of enchant weapon.
  1527 | D:1      | 1527 ||| ENCHANTING +0 hand axe of flaming.
  1528 | D:1      | 1528 ||| READING scroll labelled VEM XIPOSSOFA.
  1529 | D:1      | 1529 ||| READING scroll labelled DOVAOPO JEILO.
  1530 | D:1      | 1530 ||| READING 2 scrolls labelled SEKON FERU.
  1531 | D:1      | 1531 ||| READING scroll labelled VUEXOMOOLE.
  1532 | D:1      | 1532 ||| DRINKING 2 smoky ruby potions.
  1532 | D:1      | Gained mutation: Your system is resistant to poisons.
                  | (rPois) [potion of mutation]
  1532 | D:1      | Gained mutation: You passively dampen the noise of your
                  | surroundings. [potion of mutation]
  1532 | D:1      | Gained mutation: You have hidden genetic potential. [potion
                  | of mutation]
  1533 | D:1      | 1533 ||| DROPPING scroll of immolation.
  1590 | D:2      | Noticed Jessica
  1591 | D:2      | 1591 ||| Stepping ~*~*~tactically~*~*~ (hiding).
  1599 | D:2      | Killed Jessica
  1600 | D:2      | Reached skill level 4 in Axes
  1807 | D:2      | Reached skill level 1 in Armour
  1807 | D:2      | Reached XP level 4. HP: 35/35 MP: 5/5
  1807 | D:2      | Gained mutation: You have a pair of small horns on your
                  | head. [hidden potential]
  1895 | D:2      | Noticed Terence
  1905 | D:2      | 1905 ||| INVOKING Fiery Armour.
  1908 | D:2      | Killed Terence
  2157 | D:2      | Found Noacw's Weapon Boutique.
  2674 | D:2      | 2674 ||| UPGRADING to +6 ring of dexterity.
  2675 | D:2      | 2675 ||| READING scroll labelled JIANUF WIRUZELUNO.
  2678 | D:2      | 2678 ||| READING 2 scrolls labelled ZUIFRU ETOASAE.
  2679 | D:2      | 2679 ||| READING scroll labelled IQENLU COZOENK.
  2836 | D:3      | 2836 ||| Stepping ~*~*~tactically~*~*~ (stealth).
  2840 | D:3      | 2840 ||| INVOKING Fiery Armour.
  2845 | D:3      | Reached skill level 1 in Dodging
  2845 | D:3      | Mutation became permanent: You have a pair of small horns
                  | on your head. [demonic ancestry]
  2845 | D:3      | Gained mutation: You have a pair of small horns on your
                  | head. [demonic ancestry]
  2845 | D:3      | Reached XP level 5. HP: 40/41 MP: 6/6
  2851 | D:3      | Gained mutation: You are partially covered in large bone
                  | plates. (SH +4) [hidden potential]
  2851 | D:3      | Lost mutation: You have hidden genetic potential. [hidden
                  | potential expressed]
  2909 | D:3      | Reached skill level 5 in Axes
  2927 | D:3      | 2927 ||| Stepping ~*~*~tactically~*~*~ (stealth).
  3036 | D:3      | Identified the +1 cloak of the Enchanted Forest {Str+4}
  3169 | D:3      | 3169 ||| Stepping ~*~*~tactically~*~*~ (hiding).
  3465 | D:3      | 3465 ||| Stepping ~*~*~tactically~*~*~ (stealth).
  3467 | D:3      | 3467 ||| Stepping ~*~*~tactically~*~*~ (hiding).
  3477 | D:3      | 3477 ||| INVOKING Fiery Armour.
  3649 | D:3      | 3649 ||| UPGRADING to +1 cloak of the Enchanted Forest
                  | {Str+4}.
  3654 | D:3      | 3654 ||| READING scroll labelled HEETTALLEN.
  3655 | D:3      | 3655 ||| READING scroll labelled SUAMAS WOL.
  3656 | D:3      | 3656 ||| READING scroll labelled LIAWOSK ZUNI.
  3682 | D:4      | Found a shadowy altar of Dithmenos.
  3744 | D:4      | 3744 ||| Stepping ~*~*~tactically~*~*~ (stealth).
  3745 | D:4      | 3745 ||| Stepping ~*~*~tactically~*~*~ (stealth).
  3823 | D:4      | 3823 ||| Stepping ~*~*~tactically~*~*~ (hiding).
  3954 | D:4      | 3954 ||| Stepping ~*~*~tactically~*~*~ (stealth).
  3975 | D:4      | Reached XP level 6. HP: 40/47 MP: 7/7
  4060 | D:4      | Found Duacwais's Assorted Antiques.
  4067 | D:4      | 4067 ||| BUYING fuming inky potion (22 gold).
  4067 | D:4      | Bought a fuming inky potion for 22 gold pieces
  4067 | D:4      | 4067 ||| BUYING scroll of identify (50 gold).
  4067 | D:4      | Bought a scroll of identify for 50 gold pieces
  4067 | D:4      | 4067 ||| BUYING scroll of identify (50 gold).
  4067 | D:4      | Bought a scroll of identify for 50 gold pieces
  4074 | D:4      | Found an ornate altar of the Wu Jian Council.
  4148 | D:4      | Found a hazy altar of Hepliaklqana.
  4280 | D:4      | Found a burning altar of Makhleb.
  4358 | D:4      | 4358 ||| Stepping ~*~*~tactically~*~*~ (stealth).
  4359 | D:4      | 4359 ||| Stepping ~*~*~tactically~*~*~ (stealth).
  4452 | D:4      | Found a sparkling altar of Nemelex Xobeh.
  4635 | D:4      | 4635 ||| READING scroll labelled KEJUME EWKI EVUONK.
  4636 | D:4      | 4636 ||| READING scroll labelled HUKEAP TUTS.
  4778 | D:4      | 4778 ||| READING 5 scrolls of identify.
  4778 | D:4      | 4778 ||| IDENTIFYING fuming inky potion
  4779 | D:4      | 4779 ||| READING 4 scrolls of identify.
  4779 | D:4      | 4779 ||| IDENTIFYING yellow potion
  4780 | D:4      | 4780 ||| READING 3 scrolls of identify.
  4780 | D:4      | 4780 ||| IDENTIFYING inky potion
  4781 | D:4      | 4781 ||| READING 2 scrolls of identify.
  4781 | D:4      | 4781 ||| IDENTIFYING lumpy purple potion
  4782 | D:4      | 4782 ||| DROPPING potion of degeneration.
  4783 | D:4      | 4783 ||| DROPPING potion of attraction.
  4794 | D:5      | Entered Level 5 of the Dungeon
  4850 | D:5      | Reached skill level 6 in Axes
  4925 | D:5      | 4925 ||| FLEEEEING.
  4930 | D:5      | 4930 ||| FLEEEEING.
  4931 | D:5      | 4931 ||| FLEEEEING.
  4932 | D:5      | 4932 ||| FLEEEEING.
  4933 | D:5      | 4933 ||| FLEEEEING.
  4934 | D:5      | 4934 ||| FLEEEEING.
  4935 | D:5      | 4935 ||| FLEEEEING.
  4936 | D:5      | 4936 ||| FLEEEEING.
  4937 | D:5      | 4937 ||| FLEEEEING.
  4938 | D:5      | 4938 ||| FLEEEEING.
  4939 | D:5      | 4939 ||| FLEEEEING.
  4940 | D:5      | 4940 ||| FLEEEEING.
  4941 | D:5      | 4941 ||| FLEEEEING.
  4942 | D:5      | 4942 ||| FLEEEEING.
  4943 | D:5      | 4943 ||| FLEEEEING.
  4944 | D:5      | 4944 ||| FLEEEEING.
  4945 | D:5      | 4945 ||| FLEEEEING.
  4962 | D:5      | 4962 ||| INVOKING Fiery Armour.
  4967 | D:5      | Gained mutation: When hurt, damage is shared between your
                  | health and your magic reserves. [demonic ancestry]
  4967 | D:5      | Reached XP level 7. HP: 27/53 MP: 8/8
  5220 | D:5      | Found Tilon's Jewellery Shoppe.
  5223 | D:5      | 5223 ||| SHOPLISTING +4 ring of protection (396 gold, have
                  | 117).
  5223 | D:5      | 5223 ||| SHOPLISTING +4 ring of slaying (858 gold, have
                  | 117).
  5223 | D:5      | 5223 ||| SHOPLISTING ring of Ytoulaocw {rF+ rC+ Str+2
                  | Dex+3} (544 gold, have 117).
  5223 | D:5      | 5223 ||| SHOPLISTING ring of protection from fire (275
                  | gold, have 117).
  5223 | D:5      | 5223 ||| SHOPLISTING ring of the Hare {EV+8} (1408 gold,
                  | have 117).
  5223 | D:5      | 5223 ||| SHOPLISTING ring of willpower (275 gold, have
                  | 117).
  5310 | D:5      | Found Hoklio Gacse's Antique Weapon Boutique.
  5481 | D:5      | 5481 ||| Stepping ~*~*~tactically~*~*~ (stealth).
  5593 | D:5      | 5593 ||| READING 3 scrolls labelled ENTOLE NIRPHATIBB.
  5594 | D:5      | 5594 ||| READING 2 scrolls of brand weapon.
  5594 | D:5      | 5594 ||| BRANDING +1 hand axe of venom.
  5628 | D:5      | 5628 ||| DROPPING +0 club.
  5650 | D:6      | 5650 ||| STAIRDANCE
  5663 | D:6      | 5663 ||| STAIRDANCE
  5794 | D:6      | Reached skill level 7 in Axes
  5794 | D:6      | 5794 ||| STAIRDANCE
  5945 | D:6      | 5945 ||| READING scroll of enchant weapon.
  5945 | D:6      | 5945 ||| ENCHANTING +1 spectral hand axe.
  5960 | D:6      | Noticed Blork the orc
  5963 | D:6      | Killed Blork the orc
  6068 | D:6      | Gained mutation: When seriously injured, your blood forms
                  | armour. (AC +0) [demonic ancestry]
  6068 | D:6      | Reached XP level 8. HP: 57/61 MP: 9/9
  6204 | D:6      | Found a stormy altar of Qazlal.
  6236 | D:6      | Found an iron altar of Okawaru.
  6356 | D:6      | Found a staircase to the Ecumenical Temple.
  6407 | D:6      | Reached skill level 8 in Axes
  6767 | D:6      | Noticed Edmund
  6779 | D:6      | Killed Edmund
  7016 | D:6      | 7016 ||| UPGRADING to +0 chain mail.
  7026 | D:6      | 7026 ||| DROPPING +0 scale mail.
  7027 | D:6      | 7027 ||| READING 2 scrolls of identify.
  7027 | D:6      | 7027 ||| IDENTIFYING glowing cyan potion
  7028 | D:6      | 7028 ||| DROPPING potion of brilliance.
  7249 | D:7      | Reached skill level 9 in Axes
  7254 | D:7      | 7254 ||| Stepping ~*~*~tactically~*~*~ (stealth).
  7255 | D:7      | 7255 ||| Stepping ~*~*~tactically~*~*~ (stealth).
  7347 | D:7      | Found a sacrificial altar of Ru.
  7399 | D:7      | Reached skill level 3 in Armour
  7402 | D:7      | 7402 ||| INVOKING Fiery Armour.
  7407 | D:7      | HP: 8/62 [orc warrior/+0 halberd (10)]
  7408 | D:7      | 7408 ||| READING 3 scrolls of teleportation.
  7409 | D:7      | 7409 ||| DRINKING potion of heal wounds.
  7414 | D:7      | 7414 ||| STAIRDANCE
  7598 | D:6      | 7598 ||| UPGRADING to amulet of regeneration.
  7636 | D:7      | Found a blossoming altar of Fedhas.
  7692 | D:7      | 7692 ||| UPGRADING to +0 plate armour.
  7702 | D:7      | 7702 ||| DROPPING +0 chain mail.
  7703 | D:7      | 7703 ||| READING 3 scrolls of enchant armour.
  7703 | D:7      | 7703 ||| ENCHANTING +0 plate armour.
  7704 | D:7      | 7704 ||| READING 2 scrolls of enchant armour.
  7704 | D:7      | 7704 ||| ENCHANTING +1 plate armour.
  7705 | D:7      | 7705 ||| READING scroll of enchant armour.
  7705 | D:7      | 7705 ||| ENCHANTING +2 plate armour.
  7732 | D:8      | 7732 ||| FLEEEEING.
  7733 | D:8      | 7733 ||| FLEEEEING.
  7742 | D:8      | 7742 ||| FLEEEEING.
  7743 | D:8      | 7743 ||| FLEEEEING.
  7784 | D:8      | Reached XP level 9. HP: 64/68 MP: 10/10
  7881 | D:8      | Reached skill level 6 in Fighting
  7953 | D:8      | 7953 ||| Stepping ~*~*~tactically~*~*~ (hiding).
  7982 | D:8      | 7982 ||| INVOKING Fiery Armour.
  8153 | D:8      | 8153 ||| READING scroll of enchant armour.
  8153 | D:8      | 8153 ||| ENCHANTING +3 plate armour.
  8260 | D:8      | Found a shimmering blue altar of Sif Muna.
  8447 | D:8      | Found Qazepor's Vocational Training.
  8565 | D:8      | Noticed Erica
  8566 | D:8      | 8566 ||| Stepping ~*~*~tactically~*~*~ (hiding).
  8567 | D:8      | 8567 ||| INVOKING Fiery Armour.
  8571 | D:8      | 8571 ||| DRINKING 3 potions of curing.
  8571 | D:8      | 8571 ||| (to cure confusion)
  8580 | D:8      | Killed Erica
  8581 | D:8      | Reached skill level 10 in Axes
  8722 | D:8      | 8722 ||| UPGRADING to +0 kite shield.
  8727 | D:8      | 8727 ||| READING 3 scrolls of identify.
  8727 | D:8      | 8727 ||| IDENTIFYING metallic ruby potion
  8728 | D:8      | 8728 ||| READING 2 scrolls of identify.
  8728 | D:8      | 8728 ||| IDENTIFYING smoky grey potion
  8729 | D:8      | 8729 ||| DROPPING potion of ambrosia.
  8774 | D:9      | 8774 ||| Stepping ~*~*~tactically~*~*~ (hiding).
  8776 | D:9      | 8776 ||| Stepping ~*~*~tactically~*~*~ (hiding).
  8780 | D:9      | 8780 ||| INVOKING Fiery Armour.
  8784 | D:9      | Reached skill level 1 in Shields
  8794 | D:9      | 8794 ||| SWAPPING to +0 war axe.
  8795 | D:9      | 8795 ||| DROPPING +2 spectral hand axe.
  8796 | D:9      | 8796 ||| READING scroll of brand weapon.
  8796 | D:9      | 8796 ||| BRANDING +0 war axe.
  8809 | D:9      | Noticed a two-headed ogre
  8820 | D:9      | Killed a two-headed ogre
  8821 | D:9      | Gained mutation: You have a pair of horns on your head.
                  | [demonic ancestry]
  8821 | D:9      | Reached XP level 10. HP: 69/76 MP: 9/11
  8964 | D:9      | Noticed Maggie
  8975 | D:9      | Killed Maggie
  9104 | D:9      | Noticed a two-headed ogre
  9111 | D:9      | 9111 ||| INVOKING Fiery Armour.
  9113 | D:9      | Killed a two-headed ogre
  9222 | D:9      | Reached skill level 6 in Shields
  9224 | D:9      | Found a staircase to the Orcish Mines.
  9438 | D:9      | Noticed Erolcha
  9439 | D:9      | 9439 ||| Stepping ~*~*~tactically~*~*~ (hiding).
  9440 | D:9      | 9440 ||| Stepping ~*~*~tactically~*~*~ (hiding).
  9444 | D:9      | 9444 ||| INVOKING Fiery Armour.
  9468 | D:9      | Killed Erolcha
  9552 | D:9      | 9552 ||| READING 2 scrolls of identify.
  9552 | D:9      | 9552 ||| IDENTIFYING fizzy cyan potion
  9575 | D:10     | Entered Level 10 of the Dungeon
  9587 | D:10     | Noticed a two-headed ogre
  9596 | D:10     | Killed a two-headed ogre
  9614 | D:10     | 9614 ||| Stepping ~*~*~tactically~*~*~ (hiding).
  9615 | D:10     | 9615 ||| Stepping ~*~*~tactically~*~*~ (hiding).
  9814 | D:10     | Found an opulent altar of Gozag.
  9819 | D:10     | Found an opulent altar of Gozag.
  9824 | D:10     | Reached skill level 11 in Axes
  9874 | D:10     | Found an opulent altar of Gozag.
  9882 | D:10     | Found an opulent altar of Gozag.
 10027 | D:10     | 10027 ||| UPGRADING to +2 pair of boots.
 10039 | D:11     | Noticed a skeletal warrior
 10056 | D:11     | Killed a skeletal warrior
 10057 | D:11     | 10057 ||| STAIRDANCE
 10110 | D:11     | 10110 ||| FLEEEEING.
 10111 | D:11     | 10111 ||| FLEEEEING.
 10112 | D:11     | 10112 ||| FLEEEEING.
 10113 | D:11     | 10113 ||| FLEEEEING.
 10123 | D:11     | Reached XP level 11. HP: 84/84 MP: 12/12
 10236 | D:11     | Noticed a white ugly thing
 10250 | D:11     | Killed a white ugly thing
 10328 | D:11     | Noticed a purple ugly thing
 10338 | D:11     | Killed a purple ugly thing
 10371 | D:11     | 10371 ||| READING 4 scrolls of identify.
 10371 | D:11     | 10371 ||| IDENTIFYING orange potion
 10407 | D:11     | 10407 ||| Stepping ~*~*~tactically~*~*~ (stealth).
 10410 | D:11     | 10410 ||| Stepping ~*~*~tactically~*~*~ (stealth).
 10411 | D:11     | 10411 ||| Stepping ~*~*~tactically~*~*~ (stealth).
 10460 | D:11     | Reached skill level 3 in Dodging
 10480 | D:11     | 10480 ||| Stepping ~*~*~tactically~*~*~ (hiding).
 10481 | D:11     | 10481 ||| Stepping ~*~*~tactically~*~*~ (hiding).
 10526 | D:11     | Noticed Josephine
 10527 | D:11     | 10527 ||| Stepping ~*~*~tactically~*~*~ (hiding).
 10539 | D:11     | Killed Josephine
 10629 | D:11     | Noticed a two-headed ogre
 10630 | D:11     | 10630 ||| Stepping ~*~*~tactically~*~*~ (stealth).
 10685 | D:11     | 10685 ||| READING scroll of enchant armour.
 10685 | D:11     | 10685 ||| ENCHANTING +4 plate armour.
 10707 | D:11     | 10707 ||| FLEEEEING.
 10712 | D:11     | 10712 ||| FLEEEEING.
 10713 | D:11     | 10713 ||| FLEEEEING.
 10716 | D:11     | Noticed a tengu warrior
 10718 | D:11     | 10718 ||| FLEEEEING.
 10719 | D:11     | 10719 ||| FLEEEEING.
 10728 | D:11     | 10728 ||| INVOKING Fiery Armour.
 10730 | D:11     | HP: 14/86 [cyclops/large rock (21)]
 10731 | D:11     | 10731 ||| READING 4 scrolls of teleportation.
 10731 | D:11     | HP: 4/86 [cyclops/large rock (11)]
 10732 | D:11     | 10732 ||| DRINKING potion of heal wounds.
 10732 | D:11     | Killed a tengu warrior
 10733 | D:11     | 10733 ||| FLEEEEING.
 10734 | D:11     | 10734 ||| FLEEEEING.
 10735 | D:11     | 10735 ||| FLEEEEING.
 10735 | D:11     | Noticed a two-headed ogre
 10735 | D:11     | Found the +3 warlock's mirror {reflect}
 10736 | D:11     | 10736 ||| READING 3 scrolls of teleportation.
 10807 | D:11     | Found a staircase to the Lair.
 10818 | D:11     | Noticed a cyan ugly thing
 10830 | D:11     | Killed a cyan ugly thing
 10867 | D:11     | Found a hazy altar of Hepliaklqana.
 10956 | D:11     | 10956 ||| FLEEEEING.
 10957 | D:11     | 10957 ||| FLEEEEING.
 11047 | D:11     | 11047 ||| READING scroll of enchant weapon.
 11047 | D:11     | 11047 ||| ENCHANTING +0 war axe of freezing.
 11121 | D:11     | 11121 ||| FLEEEEING.
 11123 | D:11     | 11123 ||| FLEEEEING.
 11124 | D:11     | 11124 ||| Stepping ~*~*~tactically~*~*~ (stealth).
 11125 | D:11     | 11125 ||| FLEEEEING.
 11126 | D:11     | 11126 ||| INVOKING Fiery Armour.
 11134 | D:11     | Killed a two-headed ogre
 11135 | D:11     | Reached skill level 12 in Axes
 11189 | D:11     | 11189 ||| Stepping ~*~*~tactically~*~*~ (hiding).
 11190 | D:11     | 11190 ||| Stepping ~*~*~tactically~*~*~ (hiding).
 11299 | D:11     | Identified the amulet of Intercession {Regen+ Int-4 Dex+6}
 11506 | D:11     | 11506 ||| PLANNING CONVERSION TO OKAWARU
 11638 | D:6      | 11638 ||| PLANNING D:1-11
 11638 | D:6      | 11638 ||| UPGRADING to amulet of Intercession {Regen+ Int-4
                  | Dex+6}.
 11648 | D:6      | 11648 ||| DROPPING amulet of regeneration.
 11649 | D:6      | 11649 ||| DROPPING +6 ring of intelligence.
 11663 | D:5      | 11663 ||| PLANNING LAIR
 11785 | Lair:1   | Entered Level 1 of the Lair of Beasts
 11795 | Lair:1   | 11795 ||| Stepping ~*~*~tactically~*~*~ (stealth).
 11806 | Lair:1   | 11806 ||| Stepping ~*~*~tactically~*~*~ (stealth).
 11807 | Lair:1   | 11807 ||| Stepping ~*~*~tactically~*~*~ (stealth).
 11836 | Lair:1   | 11836 ||| Stepping ~*~*~tactically~*~*~ (stealth).
 11840 | Lair:1   | 11840 ||| Stepping ~*~*~tactically~*~*~ (stealth).
 11848 | Lair:1   | Reached skill level 6 in Armour
 11848 | Lair:1   | 11848 ||| Stepping ~*~*~tactically~*~*~ (stealth).
 11879 | Lair:1   | 11879 ||| Stepping ~*~*~tactically~*~*~ (stealth).
 11880 | Lair:1   | 11880 ||| Stepping ~*~*~tactically~*~*~ (stealth).
 11884 | Lair:1   | 11884 ||| Stepping ~*~*~tactically~*~*~ (stealth).
 11886 | Lair:1   | Gained mutation: When seriously injured, your blood forms
                  | thick armour. (AC +0) [demonic ancestry]
 11886 | Lair:1   | Reached XP level 12. HP: 92/92 MP: 13/13
 11889 | Lair:1   | 11889 ||| Stepping ~*~*~tactically~*~*~ (stealth).
 11906 | Lair:1   | 11906 ||| Stepping ~*~*~tactically~*~*~ (stealth).
 11912 | Lair:1   | 11912 ||| Stepping ~*~*~tactically~*~*~ (stealth).
 11917 | Lair:1   | Reached skill level 9 in Shields
 11969 | Lair:1   | 11969 ||| Stepping ~*~*~tactically~*~*~ (stealth).
 11970 | Lair:1   | 11970 ||| Stepping ~*~*~tactically~*~*~ (stealth).
 11995 | Lair:1   | 11995 ||| Stepping ~*~*~tactically~*~*~ (stealth).
 12086 | Lair:1   | 12086 ||| READING scroll of enchant armour.
 12086 | Lair:1   | 12086 ||| ENCHANTING +5 plate armour.
 12204 | Lair:1   | 12204 ||| Stepping ~*~*~tactically~*~*~ (stealth).
 12210 | Lair:1   | 12210 ||| Stepping ~*~*~tactically~*~*~ (stealth).
 12228 | Lair:1   | Reached skill level 13 in Axes
 12402 | Lair:1   | 12402 ||| Stepping ~*~*~tactically~*~*~ (stealth).
 12878 | Lair:1   | Reached skill level 9 in Fighting
 13204 | Lair:1   | 13204 ||| DRINKING 2 cyan potions.
 13309 | Lair:1   | 13309 ||| DRINKING 2 grey potions.
 13310 | Lair:1   | 13310 ||| READING 5 scrolls of identify.
 13310 | Lair:1   | 13310 ||| IDENTIFYING emerald potion
 13311 | Lair:1   | 13311 ||| DROPPING potion of berserk rage.
 13312 | Lair:1   | 13312 ||| DROPPING potion of invisibility.
 13340 | Lair:2   | Noticed an eight-headed hydra
 13342 | Lair:2   | 13342 ||| DRINKING potion of cancellation.
 13344 | Lair:2   | 13344 ||| SWAPPING to +0 flail.
 13349 | Lair:2   | 13349 ||| Stepping ~*~*~tactically~*~*~ (outnumbered).
 13350 | Lair:2   | 13350 ||| Stepping ~*~*~tactically~*~*~ (outnumbered).
 13351 | Lair:2   | 13351 ||| Stepping ~*~*~tactically~*~*~ (outnumbered).
 13352 | Lair:2   | 13352 ||| Stepping ~*~*~tactically~*~*~ (outnumbered).
 13353 | Lair:2   | 13353 ||| Stepping ~*~*~tactically~*~*~ (outnumbered).
 13354 | Lair:2   | 13354 ||| Stepping ~*~*~tactically~*~*~ (outnumbered).
 13355 | Lair:2   | 13355 ||| Stepping ~*~*~tactically~*~*~ (outnumbered).
 13357 | Lair:2   | 13357 ||| Stepping ~*~*~tactically~*~*~ (outnumbered).
 13358 | Lair:2   | 13358 ||| Stepping ~*~*~tactically~*~*~ (outnumbered).
 13359 | Lair:2   | 13359 ||| Stepping ~*~*~tactically~*~*~ (outnumbered).
 13360 | Lair:2   | 13360 ||| Stepping ~*~*~tactically~*~*~ (outnumbered).
 13361 | Lair:2   | 13361 ||| Stepping ~*~*~tactically~*~*~ (outnumbered).
 13365 | Lair:2   | HP: 20/95 [komodo dragon (16)]
 13366 | Lair:2   | 13366 ||| READING 2 scrolls of teleportation.
 13369 | Lair:2   | 13369 ||| SWAPPING to +1 war axe of freezing.
 13376 | Lair:2   | HP: 20/95 [yak (8)]
 13377 | Lair:2   | 13377 ||| READING scroll of teleportation.
 13391 | Lair:2   | HP: 18/95 [cane toad (6)]
 13396 | Lair:2   | HP: 10/95 [bullfrog (1)]
 13401 | Lair:2   | HP: 6/95 [burning bush/puff of flame (5)]
 13416 | Lair:2   | HP: 19/95 [yak (2)]
 13422 | Lair:2   | HP: 23/95 [yak (1)]
 13448 | Lair:2   | 13448 ||| FLEEEEING.
 13449 | Lair:2   | 13449 ||| FLEEEEING.
 13450 | Lair:2   | 13450 ||| STAIRDANCE
 13493 | Lair:2   | 13493 ||| SWAPPING to +0 flail.
 13505 | Lair:2   | HP: 18/95 [eight-headed hydra (7)]
 13506 | Lair:2   | Killed an eight-headed hydra
 13507 | Lair:2   | 13507 ||| STAIRDANCE
 13509 | Lair:1   | 13509 ||| SWAPPING to +1 war axe of freezing.
 13617 | Lair:2   | 13617 ||| READING scroll of enchant armour.
 13617 | Lair:2   | 13617 ||| ENCHANTING +6 plate armour.
 13668 | Lair:2   | Noticed Nergalle
 13696 | Lair:2   | Killed Nergalle
 13803 | Lair:2   | 13803 ||| Stepping ~*~*~tactically~*~*~ (hiding).
 13845 | Lair:2   | 13845 ||| Stepping ~*~*~tactically~*~*~ (stealth).
 13852 | Lair:2   | Noticed Urug
 13872 | Lair:2   | Killed Urug
 13873 | Lair:2   | Reached skill level 14 in Axes
 13873 | Lair:2   | 13873 ||| FLEEEEING.
 13874 | Lair:2   | 13874 ||| FLEEEEING.
 13995 | Lair:2   | Noticed Gastronok
 13996 | Lair:2   | 13996 ||| Stepping ~*~*~tactically~*~*~ (hiding).
 14014 | Lair:2   | Killed Gastronok
 14015 | Lair:2   | Reached skill level 3 in Throwing
 14015 | Lair:2   | Reached XP level 13. HP: 100/101 MP: 14/14
 14086 | Lair:2   | 14086 ||| Stepping ~*~*~tactically~*~*~ (stealth).
 14117 | Lair:2   | 14117 ||| Stepping ~*~*~tactically~*~*~ (stealth).
 14121 | Lair:2   | Found a hole to the Spider Nest.
 14570 | Lair:2   | 14570 ||| UPGRADING to +2 hat.
 14575 | Lair:2   | 14575 ||| READING 4 scrolls of identify.
 14575 | Lair:2   | 14575 ||| IDENTIFYING metallic white potion
 14576 | Lair:2   | 14576 ||| DROPPING potion of lignification.
 14713 | Lair:3   | 14713 ||| READING scroll of enchant armour.
 14713 | Lair:3   | 14713 ||| ENCHANTING +7 plate armour.
 14773 | Lair:3   | 14773 ||| Stepping ~*~*~tactically~*~*~ (hiding).
 14829 | Lair:3   | 14829 ||| Stepping ~*~*~tactically~*~*~ (hiding).
 14911 | Lair:3   | 14911 ||| FLEEEEING.
 14915 | Lair:3   | 14915 ||| FLEEEEING.
 14923 | Lair:3   | 14923 ||| FLEEEEING.
 14924 | Lair:3   | 14924 ||| FLEEEEING.
 14928 | Lair:3   | 14928 ||| Stepping ~*~*~tactically~*~*~ (stealth).
 14930 | Lair:3   | 14930 ||| Stepping ~*~*~tactically~*~*~ (stealth).
 14931 | Lair:3   | 14931 ||| Stepping ~*~*~tactically~*~*~ (stealth).
 14999 | Lair:3   | 14999 ||| Stepping ~*~*~tactically~*~*~ (stealth).
 15160 | Lair:3   | 15160 ||| Stepping ~*~*~tactically~*~*~ (stealth).
 15164 | Lair:3   | 15164 ||| Stepping ~*~*~tactically~*~*~ (stealth).
 15165 | Lair:3   | 15165 ||| Stepping ~*~*~tactically~*~*~ (stealth).
 15208 | Lair:3   | 15208 ||| Stepping ~*~*~tactically~*~*~ (stealth).
 15213 | Lair:3   | 15213 ||| Stepping ~*~*~tactically~*~*~ (stealth).
 15240 | Lair:3   | 15240 ||| Stepping ~*~*~tactically~*~*~ (stealth).
 15259 | Lair:3   | 15259 ||| Stepping ~*~*~tactically~*~*~ (stealth).
 15284 | Lair:3   | 15284 ||| Stepping ~*~*~tactically~*~*~ (stealth).
 15285 | Lair:3   | 15285 ||| Stepping ~*~*~tactically~*~*~ (stealth).
 15362 | Lair:3   | 15362 ||| Stepping ~*~*~tactically~*~*~ (stealth).
 15406 | Lair:3   | Identified the +3 glaive "Ottul" {freeze, Int+9}
 15484 | Lair:3   | 15484 ||| READING scroll of enchant armour.
 15484 | Lair:3   | 15484 ||| ENCHANTING +8 plate armour.
 15651 | Lair:3   | Found a staircase to the Swamp.
 15652 | Lair:3   | 15652 ||| Stepping ~*~*~tactically~*~*~ (hiding).
 15815 | Lair:4   | 15815 ||| STAIRDANCE
 15829 | Lair:4   | 15829 ||| STAIRDANCE
 15949 | Lair:4   | 15949 ||| SWAPPING to +0 flail.
 15959 | Lair:4   | Reached skill level 15 in Axes
 15959 | Lair:4   | 15959 ||| SWAPPING to +1 war axe of freezing.
 15999 | Lair:4   | 15999 ||| Stepping ~*~*~tactically~*~*~ (stealth).
 16000 | Lair:4   | 16000 ||| Stepping ~*~*~tactically~*~*~ (stealth).
 16081 | Lair:4   | 16081 ||| Stepping ~*~*~tactically~*~*~ (stealth).
 16083 | Lair:4   | 16083 ||| Stepping ~*~*~tactically~*~*~ (stealth).
 16475 | Lair:5   | Entered Level 5 of the Lair of Beasts
 16497 | Lair:5   | 16497 ||| SWAPPING to +0 flail.
 16507 | Lair:5   | 16507 ||| Stepping ~*~*~tactically~*~*~ (outnumbered).
 16510 | Lair:5   | 16510 ||| SWAPPING to +1 war axe of freezing.
 16586 | Lair:5   | 16586 ||| SWAPPING to +0 flail.
 16595 | Lair:5   | Gained mutation: You have a pair of large horns on your
                  | head. [demonic ancestry]
 16595 | Lair:5   | Reached XP level 14. HP: 89/110 MP: 12/15
 16595 | Lair:5   | 16595 ||| SWAPPING to +1 war axe of freezing.
 16769 | Lair:5   | 16769 ||| READING scroll of enchant weapon.
 16769 | Lair:5   | 16769 ||| ENCHANTING +1 war axe of freezing.
 16783 | Lair:5   | Found a staircase to the Slime Pits.
 16783 | Lair:5   | Found a viscous altar of Jiyva.
 16854 | Lair:5   | 16854 ||| FLEEEEING.
 16855 | Lair:5   | 16855 ||| FLEEEEING.
 16856 | Lair:5   | 16856 ||| FLEEEEING.
 16866 | Lair:5   | 16866 ||| STAIRDANCE
 16879 | Lair:4   | 16879 ||| DROPPING +2 hat.
 16883 | Lair:5   | 16883 ||| Stepping ~*~*~tactically~*~*~ (stealth).
 16920 | Lair:5   | 16920 ||| Stepping ~*~*~tactically~*~*~ (stealth).
 16950 | Lair:5   | 16950 ||| Stepping ~*~*~tactically~*~*~ (hiding).
 16951 | Lair:5   | 16951 ||| Stepping ~*~*~tactically~*~*~ (stealth).
 17007 | Lair:5   | Reached skill level 16 in Axes
 17047 | Lair:5   | 17047 ||| Stepping ~*~*~tactically~*~*~ (hiding).
 17048 | Lair:5   | 17048 ||| Stepping ~*~*~tactically~*~*~ (hiding).
 17113 | Lair:5   | 17113 ||| SWAPPING to +0 flail.
 17128 | Lair:5   | 17128 ||| SWAPPING to +2 war axe of freezing.
 17185 | Lair:5   | 17185 ||| Stepping ~*~*~tactically~*~*~ (stealth).
 17187 | Lair:5   | 17187 ||| Stepping ~*~*~tactically~*~*~ (stealth).
 17196 | Lair:5   | 17196 ||| Stepping ~*~*~tactically~*~*~ (stealth).
 17201 | Lair:5   | Reached skill level 6 in Dodging
 17513 | Lair:5   | 17513 ||| Stepping ~*~*~tactically~*~*~ (stealth).
 17514 | Lair:5   | 17514 ||| Stepping ~*~*~tactically~*~*~ (stealth).
 17551 | Lair:5   | 17551 ||| Stepping ~*~*~tactically~*~*~ (stealth).
 17594 | Lair:5   | 17594 ||| FLEEEEING.
 17695 | Lair:5   | 17695 ||| FLEEEEING.
 17696 | Lair:5   | 17696 ||| FLEEEEING.
 17697 | Lair:5   | 17697 ||| FLEEEEING.
 17698 | Lair:5   | 17698 ||| FLEEEEING.
 17699 | Lair:5   | 17699 ||| FLEEEEING.
 17700 | Lair:5   | 17700 ||| FLEEEEING.
 17701 | Lair:5   | 17701 ||| FLEEEEING.
 17702 | Lair:5   | 17702 ||| FLEEEEING.
 17703 | Lair:5   | 17703 ||| FLEEEEING.
 17706 | Lair:5   | 17706 ||| FLEEEEING.
 17707 | Lair:5   | 17707 ||| FLEEEEING.
 17812 | Lair:5   | 17812 ||| Stepping ~*~*~tactically~*~*~ (stealth).
 17831 | Lair:5   | 17831 ||| Stepping ~*~*~tactically~*~*~ (stealth).
 17905 | Lair:5   | 17905 ||| Stepping ~*~*~tactically~*~*~ (hiding).
 17917 | Lair:5   | 17917 ||| Stepping ~*~*~tactically~*~*~ (hiding).
 17990 | Lair:5   | 17990 ||| Stepping ~*~*~tactically~*~*~ (stealth).
 17992 | Lair:5   | 17992 ||| Stepping ~*~*~tactically~*~*~ (hiding).
 18129 | Lair:5   | Reached skill level 9 in Armour
 18132 | Lair:5   | 18132 ||| Stepping ~*~*~tactically~*~*~ (stealth).
 18167 | Lair:5   | Found the +15 Maxwell's patent armour {-Cast -Tele rElec
                  | Will+ rCorr}
 18168 | Lair:5   | Found a corrupted altar of Lugonu.
 18168 | Lair:5   | Found a one-way gate to the infinite horrors of the Abyss.
 18281 | Lair:5   | 18281 ||| PLANNING D:1-11
 18472 | D:7      | 18472 ||| PLANNING CONVERSION TO OKAWARU
 18474 | D:6      | 18474 ||| PLANNING D:1-11
 18522 | D:6      | 18522 ||| PLANNING CONVERSION TO OKAWARU
 18522 | D:6      | 18522 ||| PLANNING D:1-11
 18522 | D:6      | 18522 ||| READING 2 scrolls of teleportation.
 18523 | D:6      | 18523 ||| STAIRDANCE
 18598 | D:7      | 18598 ||| PLANNING CONVERSION TO OKAWARU
 18602 | D:6      | 18602 ||| PLANNING D:1-11
 18647 | D:6      | 18647 ||| PLANNING CONVERSION TO OKAWARU
 18647 | D:6      | 18647 ||| PLANNING D:1-11
 18647 | D:6      | 18647 ||| READING scroll of teleportation.
 18648 | D:6      | 18648 ||| STAIRDANCE
 18717 | D:7      | 18717 ||| PLANNING CONVERSION TO OKAWARU
 18719 | D:6      | 18719 ||| PLANNING D:1-11
 18764 | D:6      | 18764 ||| PLANNING CONVERSION TO OKAWARU
 18764 | D:6      | 18764 ||| PLANNING D:1-11
 18764 | D:6      | 18764 ||| Stepping randomly (stuck).
 18813 | D:7      | 18813 ||| PLANNING CONVERSION TO OKAWARU
 18815 | D:6      | 18815 ||| PLANNING D:1-11
 18860 | D:6      | 18860 ||| PLANNING CONVERSION TO OKAWARU
 18860 | D:6      | 18860 ||| PLANNING D:1-11
 18860 | D:6      | 18860 ||| Stepping randomly (stuck).
 18909 | D:7      | 18909 ||| PLANNING CONVERSION TO OKAWARU
 18911 | D:6      | 18911 ||| PLANNING D:1-11
 18956 | D:6      | 18956 ||| PLANNING CONVERSION TO OKAWARU
 18956 | D:6      | 18956 ||| PLANNING D:1-11
 18956 | D:6      | 18956 ||| Stepping randomly (stuck).
 19005 | D:7      | 19005 ||| PLANNING CONVERSION TO OKAWARU
 19007 | D:6      | 19007 ||| PLANNING D:1-11
 19052 | D:6      | 19052 ||| PLANNING CONVERSION TO OKAWARU
 19052 | D:6      | 19052 ||| PLANNING D:1-11
 19052 | D:6      | 19052 ||| Stepping randomly (stuck).
 19101 | D:7      | 19101 ||| PLANNING CONVERSION TO OKAWARU
 19103 | D:6      | 19103 ||| PLANNING D:1-11
 19148 | D:6      | 19148 ||| PLANNING CONVERSION TO OKAWARU
 19148 | D:6      | 19148 ||| PLANNING D:1-11
 19148 | D:6      | 19148 ||| Stepping randomly (stuck).
 19197 | D:7      | 19197 ||| PLANNING CONVERSION TO OKAWARU
 19199 | D:6      | 19199 ||| PLANNING D:1-11
 19244 | D:6      | 19244 ||| PLANNING CONVERSION TO OKAWARU
 19244 | D:6      | 19244 ||| PLANNING D:1-11
 19244 | D:6      | 19244 ||| Stepping randomly (stuck).
 19293 | D:7      | 19293 ||| PLANNING CONVERSION TO OKAWARU
 19295 | D:6      | 19295 ||| PLANNING D:1-11
 19340 | D:6      | 19340 ||| PLANNING CONVERSION TO OKAWARU
 19340 | D:6      | 19340 ||| PLANNING D:1-11
 19340 | D:6      | 19340 ||| Stepping randomly (stuck).
 19389 | D:7      | 19389 ||| PLANNING CONVERSION TO OKAWARU
 19391 | D:6      | 19391 ||| PLANNING D:1-11
 19436 | D:6      | 19436 ||| PLANNING CONVERSION TO OKAWARU
 19436 | D:6      | 19436 ||| PLANNING D:1-11
 19436 | D:6      | 19436 ||| Stepping randomly (stuck).
 19485 | D:7      | 19485 ||| PLANNING CONVERSION TO OKAWARU
 19487 | D:6      | 19487 ||| PLANNING D:1-11
 19532 | D:6      | 19532 ||| PLANNING CONVERSION TO OKAWARU
 19532 | D:6      | 19532 ||| PLANNING D:1-11
 19532 | D:6      | 19532 ||| Stepping randomly (stuck).
 19581 | D:7      | 19581 ||| PLANNING CONVERSION TO OKAWARU
 19583 | D:6      | 19583 ||| PLANNING D:1-11
 19628 | D:6      | 19628 ||| PLANNING CONVERSION TO OKAWARU
 19628 | D:6      | 19628 ||| PLANNING D:1-11
 19628 | D:6      | 19628 ||| Stepping randomly (stuck).
 19677 | D:7      | 19677 ||| PLANNING CONVERSION TO OKAWARU
 19679 | D:6      | 19679 ||| PLANNING D:1-11
 19724 | D:6      | 19724 ||| PLANNING CONVERSION TO OKAWARU
 19724 | D:6      | 19724 ||| PLANNING D:1-11
 19724 | D:6      | 19724 ||| Stepping randomly (stuck).
 19773 | D:7      | 19773 ||| PLANNING CONVERSION TO OKAWARU
 19775 | D:6      | 19775 ||| PLANNING D:1-11
 19820 | D:6      | 19820 ||| PLANNING CONVERSION TO OKAWARU
 19820 | D:6      | 19820 ||| PLANNING D:1-11
 19820 | D:6      | 19820 ||| Stepping randomly (stuck).
 19869 | D:7      | 19869 ||| PLANNING CONVERSION TO OKAWARU
 19871 | D:6      | 19871 ||| PLANNING D:1-11
 19916 | D:6      | 19916 ||| PLANNING CONVERSION TO OKAWARU
 19916 | D:6      | 19916 ||| PLANNING D:1-11
 19916 | D:6      | 19916 ||| Stepping randomly (stuck).
 19965 | D:7      | 19965 ||| PLANNING CONVERSION TO OKAWARU
 19967 | D:6      | 19967 ||| PLANNING D:1-11
 20012 | D:6      | 20012 ||| PLANNING CONVERSION TO OKAWARU
 20012 | D:6      | 20012 ||| PLANNING D:1-11
 20012 | D:6      | 20012 ||| Stepping randomly (stuck).
 20061 | D:7      | 20061 ||| PLANNING CONVERSION TO OKAWARU
 20063 | D:6      | 20063 ||| PLANNING D:1-11
 20108 | D:6      | 20108 ||| PLANNING CONVERSION TO OKAWARU
 20108 | D:6      | 20108 ||| PLANNING D:1-11
 20108 | D:6      | 20108 ||| Stepping randomly (stuck).
 20157 | D:7      | 20157 ||| PLANNING CONVERSION TO OKAWARU
 20159 | D:6      | 20159 ||| PLANNING D:1-11
 20204 | D:6      | 20204 ||| PLANNING CONVERSION TO OKAWARU
 20204 | D:6      | 20204 ||| PLANNING D:1-11
 20204 | D:6      | 20204 ||| Stepping randomly (stuck).
 20253 | D:7      | 20253 ||| PLANNING CONVERSION TO OKAWARU
 20255 | D:6      | 20255 ||| PLANNING D:1-11
 20300 | D:6      | 20300 ||| PLANNING CONVERSION TO OKAWARU
 20300 | D:6      | 20300 ||| PLANNING D:1-11
 20300 | D:6      | 20300 ||| Stepping randomly (stuck).
 20349 | D:7      | 20349 ||| PLANNING CONVERSION TO OKAWARU
 20351 | D:6      | 20351 ||| PLANNING D:1-11
 20396 | D:6      | 20396 ||| PLANNING CONVERSION TO OKAWARU
 20396 | D:6      | 20396 ||| PLANNING D:1-11
 20396 | D:6      | 20396 ||| Stepping randomly (stuck).
 20445 | D:7      | 20445 ||| PLANNING CONVERSION TO OKAWARU
 20447 | D:6      | 20447 ||| PLANNING D:1-11
 20492 | D:6      | 20492 ||| PLANNING CONVERSION TO OKAWARU
 20492 | D:6      | 20492 ||| PLANNING D:1-11
 20492 | D:6      | 20492 ||| Stepping randomly (stuck).
 20541 | D:7      | 20541 ||| PLANNING CONVERSION TO OKAWARU
 20543 | D:6      | 20543 ||| PLANNING D:1-11
 20588 | D:6      | 20588 ||| PLANNING CONVERSION TO OKAWARU
 20588 | D:6      | 20588 ||| PLANNING D:1-11
 20588 | D:6      | 20588 ||| Stepping randomly (stuck).
 20637 | D:7      | 20637 ||| PLANNING CONVERSION TO OKAWARU
 20639 | D:6      | 20639 ||| PLANNING D:1-11
 20684 | D:6      | 20684 ||| PLANNING CONVERSION TO OKAWARU
 20684 | D:6      | 20684 ||| PLANNING D:1-11
 20684 | D:6      | 20684 ||| Stepping randomly (stuck).
 20733 | D:7      | 20733 ||| PLANNING CONVERSION TO OKAWARU
 20735 | D:6      | 20735 ||| PLANNING D:1-11
 20780 | D:6      | 20780 ||| PLANNING CONVERSION TO OKAWARU
 20780 | D:6      | 20780 ||| PLANNING D:1-11
 20780 | D:6      | 20780 ||| Stepping randomly (stuck).
 20829 | D:7      | 20829 ||| PLANNING CONVERSION TO OKAWARU
 20831 | D:6      | 20831 ||| PLANNING D:1-11
 20876 | D:6      | 20876 ||| PLANNING CONVERSION TO OKAWARU
 20876 | D:6      | 20876 ||| PLANNING D:1-11
 20876 | D:6      | 20876 ||| Stepping randomly (stuck).
 20925 | D:7      | 20925 ||| PLANNING CONVERSION TO OKAWARU
 20927 | D:6      | 20927 ||| PLANNING D:1-11
 20972 | D:6      | 20972 ||| PLANNING CONVERSION TO OKAWARU
 20972 | D:6      | 20972 ||| PLANNING D:1-11
 20972 | D:6      | 20972 ||| Stepping randomly (stuck).
 21021 | D:7      | 21021 ||| PLANNING CONVERSION TO OKAWARU
 21023 | D:6      | 21023 ||| PLANNING D:1-11
 21068 | D:6      | 21068 ||| PLANNING CONVERSION TO OKAWARU
 21068 | D:6      | 21068 ||| PLANNING D:1-11
 21068 | D:6      | 21068 ||| Stepping randomly (stuck).
 21117 | D:7      | 21117 ||| PLANNING CONVERSION TO OKAWARU
 21119 | D:6      | 21119 ||| PLANNING D:1-11
 21164 | D:6      | 21164 ||| PLANNING CONVERSION TO OKAWARU
 21164 | D:6      | 21164 ||| PLANNING D:1-11
 21164 | D:6      | 21164 ||| Stepping randomly (stuck).
 21213 | D:7      | 21213 ||| PLANNING CONVERSION TO OKAWARU
 21215 | D:6      | 21215 ||| PLANNING D:1-11
 21260 | D:6      | 21260 ||| PLANNING CONVERSION TO OKAWARU
 21260 | D:6      | 21260 ||| PLANNING D:1-11
 21260 | D:6      | 21260 ||| Stepping randomly (stuck).
 21309 | D:7      | 21309 ||| PLANNING CONVERSION TO OKAWARU
 21311 | D:6      | 21311 ||| PLANNING D:1-11
 21356 | D:6      | 21356 ||| PLANNING CONVERSION TO OKAWARU
 21356 | D:6      | 21356 ||| PLANNING D:1-11
 21356 | D:6      | 21356 ||| Stepping randomly (stuck).
 21405 | D:7      | 21405 ||| PLANNING CONVERSION TO OKAWARU
 21407 | D:6      | 21407 ||| PLANNING D:1-11
 21452 | D:6      | 21452 ||| PLANNING CONVERSION TO OKAWARU
 21452 | D:6      | 21452 ||| PLANNING D:1-11
 21452 | D:6      | 21452 ||| Stepping randomly (stuck).
 21501 | D:7      | 21501 ||| PLANNING CONVERSION TO OKAWARU
 21503 | D:6      | 21503 ||| PLANNING D:1-11
 21548 | D:6      | 21548 ||| PLANNING CONVERSION TO OKAWARU
 21548 | D:6      | 21548 ||| PLANNING D:1-11
 21548 | D:6      | 21548 ||| Stepping randomly (stuck).
 21597 | D:7      | 21597 ||| PLANNING CONVERSION TO OKAWARU
 21599 | D:6      | 21599 ||| PLANNING D:1-11
 21644 | D:6      | 21644 ||| PLANNING CONVERSION TO OKAWARU
 21644 | D:6      | 21644 ||| PLANNING D:1-11
 21644 | D:6      | 21644 ||| Stepping randomly (stuck).
 21693 | D:7      | 21693 ||| PLANNING CONVERSION TO OKAWARU
 21695 | D:6      | 21695 ||| PLANNING D:1-11
 21740 | D:6      | 21740 ||| PLANNING CONVERSION TO OKAWARU
 21740 | D:6      | 21740 ||| PLANNING D:1-11
 21740 | D:6      | 21740 ||| Stepping randomly (stuck).
 21789 | D:7      | 21789 ||| PLANNING CONVERSION TO OKAWARU
 21791 | D:6      | 21791 ||| PLANNING D:1-11
 21836 | D:6      | 21836 ||| PLANNING CONVERSION TO OKAWARU
 21836 | D:6      | 21836 ||| PLANNING D:1-11
 21836 | D:6      | 21836 ||| Stepping randomly (stuck).
 21885 | D:7      | 21885 ||| PLANNING CONVERSION TO OKAWARU
 21887 | D:6      | 21887 ||| PLANNING D:1-11
 21932 | D:6      | 21932 ||| PLANNING CONVERSION TO OKAWARU
 21932 | D:6      | 21932 ||| PLANNING D:1-11
 21932 | D:6      | 21932 ||| Stepping randomly (stuck).
 21981 | D:7      | 21981 ||| PLANNING CONVERSION TO OKAWARU
 21983 | D:6      | 21983 ||| PLANNING D:1-11
 22028 | D:6      | 22028 ||| PLANNING CONVERSION TO OKAWARU
 22028 | D:6      | 22028 ||| PLANNING D:1-11
 22028 | D:6      | 22028 ||| Stepping randomly (stuck).
 22077 | D:7      | 22077 ||| PLANNING CONVERSION TO OKAWARU
 22079 | D:6      | 22079 ||| PLANNING D:1-11
 22124 | D:6      | 22124 ||| PLANNING CONVERSION TO OKAWARU
 22124 | D:6      | 22124 ||| PLANNING D:1-11
 22124 | D:6      | 22124 ||| Stepping randomly (stuck).
 22173 | D:7      | 22173 ||| PLANNING CONVERSION TO OKAWARU
 22175 | D:6      | 22175 ||| PLANNING D:1-11
 22220 | D:6      | 22220 ||| PLANNING CONVERSION TO OKAWARU
 22220 | D:6      | 22220 ||| PLANNING D:1-11
 22220 | D:6      | 22220 ||| Stepping randomly (stuck).
 22269 | D:7      | 22269 ||| PLANNING CONVERSION TO OKAWARU
 22271 | D:6      | 22271 ||| PLANNING D:1-11
 22316 | D:6      | 22316 ||| PLANNING CONVERSION TO OKAWARU
 22316 | D:6      | 22316 ||| PLANNING D:1-11
 22316 | D:6      | 22316 ||| Stepping randomly (stuck).
 22365 | D:7      | 22365 ||| PLANNING CONVERSION TO OKAWARU
 22367 | D:6      | 22367 ||| PLANNING D:1-11
 22412 | D:6      | 22412 ||| PLANNING CONVERSION TO OKAWARU
 22412 | D:6      | 22412 ||| PLANNING D:1-11
 22412 | D:6      | 22412 ||| Stepping randomly (stuck).
 22461 | D:7      | 22461 ||| PLANNING CONVERSION TO OKAWARU
 22463 | D:6      | 22463 ||| PLANNING D:1-11
 22508 | D:6      | 22508 ||| PLANNING CONVERSION TO OKAWARU
 22508 | D:6      | 22508 ||| PLANNING D:1-11
 22508 | D:6      | 22508 ||| Stepping randomly (stuck).
 22557 | D:7      | 22557 ||| PLANNING CONVERSION TO OKAWARU
 22559 | D:6      | 22559 ||| PLANNING D:1-11
 22604 | D:6      | 22604 ||| PLANNING CONVERSION TO OKAWARU
 22604 | D:6      | 22604 ||| PLANNING D:1-11
 22604 | D:6      | 22604 ||| Stepping randomly (stuck).
 22653 | D:7      | 22653 ||| PLANNING CONVERSION TO OKAWARU
 22655 | D:6      | 22655 ||| PLANNING D:1-11
 22700 | D:6      | 22700 ||| PLANNING CONVERSION TO OKAWARU
 22700 | D:6      | 22700 ||| PLANNING D:1-11
 22700 | D:6      | 22700 ||| Stepping randomly (stuck).
 22749 | D:7      | 22749 ||| PLANNING CONVERSION TO OKAWARU
 22751 | D:6      | 22751 ||| PLANNING D:1-11
 22796 | D:6      | 22796 ||| PLANNING CONVERSION TO OKAWARU
 22796 | D:6      | 22796 ||| PLANNING D:1-11
 22796 | D:6      | 22796 ||| Stepping randomly (stuck).
 22845 | D:7      | 22845 ||| PLANNING CONVERSION TO OKAWARU
 22847 | D:6      | 22847 ||| PLANNING D:1-11
 22892 | D:6      | 22892 ||| PLANNING CONVERSION TO OKAWARU
 22892 | D:6      | 22892 ||| PLANNING D:1-11
 22892 | D:6      | 22892 ||| Stepping randomly (stuck).
 22941 | D:7      | 22941 ||| PLANNING CONVERSION TO OKAWARU
 22943 | D:6      | 22943 ||| PLANNING D:1-11
 22988 | D:6      | 22988 ||| PLANNING CONVERSION TO OKAWARU
 22988 | D:6      | 22988 ||| PLANNING D:1-11
 22988 | D:6      | 22988 ||| Stepping randomly (stuck).
 23037 | D:7      | 23037 ||| PLANNING CONVERSION TO OKAWARU
 23039 | D:6      | 23039 ||| PLANNING D:1-11
 23084 | D:6      | 23084 ||| PLANNING CONVERSION TO OKAWARU
 23084 | D:6      | 23084 ||| PLANNING D:1-11
 23084 | D:6      | 23084 ||| Stepping randomly (stuck).
 23133 | D:7      | 23133 ||| PLANNING CONVERSION TO OKAWARU
 23135 | D:6      | 23135 ||| PLANNING D:1-11
 23180 | D:6      | 23180 ||| PLANNING CONVERSION TO OKAWARU
 23180 | D:6      | 23180 ||| PLANNING D:1-11
 23180 | D:6      | 23180 ||| Stepping randomly (stuck).
 23229 | D:7      | 23229 ||| PLANNING CONVERSION TO OKAWARU
 23231 | D:6      | 23231 ||| PLANNING D:1-11
 23276 | D:6      | 23276 ||| PLANNING CONVERSION TO OKAWARU
 23276 | D:6      | 23276 ||| PLANNING D:1-11
 23276 | D:6      | 23276 ||| Stepping randomly (stuck).
 23325 | D:7      | 23325 ||| PLANNING CONVERSION TO OKAWARU
 23327 | D:6      | 23327 ||| PLANNING D:1-11
 23372 | D:6      | 23372 ||| PLANNING CONVERSION TO OKAWARU
 23372 | D:6      | 23372 ||| PLANNING D:1-11
 23372 | D:6      | 23372 ||| Stepping randomly (stuck).
 23421 | D:7      | 23421 ||| PLANNING CONVERSION TO OKAWARU
 23423 | D:6      | 23423 ||| PLANNING D:1-11
 23468 | D:6      | 23468 ||| PLANNING CONVERSION TO OKAWARU
 23468 | D:6      | 23468 ||| PLANNING D:1-11
 23468 | D:6      | 23468 ||| Stepping randomly (stuck).
 23517 | D:7      | 23517 ||| PLANNING CONVERSION TO OKAWARU
 23519 | D:6      | 23519 ||| PLANNING D:1-11
 23564 | D:6      | 23564 ||| PLANNING CONVERSION TO OKAWARU
 23564 | D:6      | 23564 ||| PLANNING D:1-11
 23564 | D:6      | 23564 ||| Stepping randomly (stuck).
 23613 | D:7      | 23613 ||| PLANNING CONVERSION TO OKAWARU
 23615 | D:6      | 23615 ||| PLANNING D:1-11
 23660 | D:6      | 23660 ||| PLANNING CONVERSION TO OKAWARU
 23660 | D:6      | 23660 ||| PLANNING D:1-11
 23660 | D:6      | 23660 ||| Stepping randomly (stuck).
 23709 | D:7      | 23709 ||| PLANNING CONVERSION TO OKAWARU
 23711 | D:6      | 23711 ||| PLANNING D:1-11
 23756 | D:6      | 23756 ||| PLANNING CONVERSION TO OKAWARU
 23756 | D:6      | 23756 ||| PLANNING D:1-11
 23756 | D:6      | 23756 ||| Stepping randomly (stuck).
 23805 | D:7      | 23805 ||| PLANNING CONVERSION TO OKAWARU
 23807 | D:6      | 23807 ||| PLANNING D:1-11
 23852 | D:6      | 23852 ||| PLANNING CONVERSION TO OKAWARU
 23852 | D:6      | 23852 ||| PLANNING D:1-11
 23852 | D:6      | 23852 ||| Stepping randomly (stuck).
 23901 | D:7      | 23901 ||| PLANNING CONVERSION TO OKAWARU
 23903 | D:6      | 23903 ||| PLANNING D:1-11
 23948 | D:6      | 23948 ||| PLANNING CONVERSION TO OKAWARU
 23948 | D:6      | 23948 ||| PLANNING D:1-11
 23948 | D:6      | 23948 ||| Stepping randomly (stuck).
 23997 | D:7      | 23997 ||| PLANNING CONVERSION TO OKAWARU
 23999 | D:6      | 23999 ||| PLANNING D:1-11
 24044 | D:6      | 24044 ||| PLANNING CONVERSION TO OKAWARU
 24044 | D:6      | 24044 ||| PLANNING D:1-11
 24044 | D:6      | 24044 ||| Stepping randomly (stuck).
 24093 | D:7      | 24093 ||| PLANNING CONVERSION TO OKAWARU
 24095 | D:6      | 24095 ||| PLANNING D:1-11
 24140 | D:6      | 24140 ||| PLANNING CONVERSION TO OKAWARU
 24140 | D:6      | 24140 ||| PLANNING D:1-11
 24140 | D:6      | 24140 ||| Stepping randomly (stuck).
 24189 | D:7      | 24189 ||| PLANNING CONVERSION TO OKAWARU
 24191 | D:6      | 24191 ||| PLANNING D:1-11
 24236 | D:6      | 24236 ||| PLANNING CONVERSION TO OKAWARU
 24236 | D:6      | 24236 ||| PLANNING D:1-11
 24236 | D:6      | 24236 ||| Stepping randomly (stuck).
 24285 | D:7      | 24285 ||| PLANNING CONVERSION TO OKAWARU
 24287 | D:6      | 24287 ||| PLANNING D:1-11
 24332 | D:6      | 24332 ||| PLANNING CONVERSION TO OKAWARU
 24332 | D:6      | 24332 ||| PLANNING D:1-11
 24332 | D:6      | 24332 ||| Stepping randomly (stuck).
 24381 | D:7      | 24381 ||| PLANNING CONVERSION TO OKAWARU
 24383 | D:6      | 24383 ||| PLANNING D:1-11
 24428 | D:6      | 24428 ||| PLANNING CONVERSION TO OKAWARU
 24428 | D:6      | 24428 ||| PLANNING D:1-11
 24428 | D:6      | 24428 ||| Stepping randomly (stuck).
 24477 | D:7      | 24477 ||| PLANNING CONVERSION TO OKAWARU
 24479 | D:6      | 24479 ||| PLANNING D:1-11
 24524 | D:6      | 24524 ||| PLANNING CONVERSION TO OKAWARU
 24524 | D:6      | 24524 ||| PLANNING D:1-11
 24524 | D:6      | 24524 ||| Stepping randomly (stuck).
 24573 | D:7      | 24573 ||| PLANNING CONVERSION TO OKAWARU
 24575 | D:6      | 24575 ||| PLANNING D:1-11
 24620 | D:6      | 24620 ||| PLANNING CONVERSION TO OKAWARU
 24620 | D:6      | 24620 ||| PLANNING D:1-11
 24620 | D:6      | 24620 ||| Stepping randomly (stuck).
 24669 | D:7      | 24669 ||| PLANNING CONVERSION TO OKAWARU
 24671 | D:6      | 24671 ||| PLANNING D:1-11
 24716 | D:6      | 24716 ||| PLANNING CONVERSION TO OKAWARU
 24716 | D:6      | 24716 ||| PLANNING D:1-11
 24716 | D:6      | 24716 ||| Stepping randomly (stuck).
 24765 | D:7      | 24765 ||| PLANNING CONVERSION TO OKAWARU
 24767 | D:6      | 24767 ||| PLANNING D:1-11
 24812 | D:6      | 24812 ||| PLANNING CONVERSION TO OKAWARU
 24812 | D:6      | 24812 ||| PLANNING D:1-11
 24812 | D:6      | 24812 ||| Stepping randomly (stuck).
 24861 | D:7      | 24861 ||| PLANNING CONVERSION TO OKAWARU
 24863 | D:6      | 24863 ||| PLANNING D:1-11
 24908 | D:6      | 24908 ||| PLANNING CONVERSION TO OKAWARU
 24908 | D:6      | 24908 ||| PLANNING D:1-11
 24908 | D:6      | 24908 ||| Stepping randomly (stuck).
 24957 | D:7      | 24957 ||| PLANNING CONVERSION TO OKAWARU
 24959 | D:6      | 24959 ||| PLANNING D:1-11
 25004 | D:6      | 25004 ||| PLANNING CONVERSION TO OKAWARU
 25004 | D:6      | 25004 ||| PLANNING D:1-11
 25004 | D:6      | 25004 ||| Stepping randomly (stuck).
 25053 | D:7      | 25053 ||| PLANNING CONVERSION TO OKAWARU
 25055 | D:6      | 25055 ||| PLANNING D:1-11
 25100 | D:6      | 25100 ||| PLANNING CONVERSION TO OKAWARU
 25100 | D:6      | 25100 ||| PLANNING D:1-11
 25100 | D:6      | 25100 ||| Stepping randomly (stuck).
 25149 | D:7      | 25149 ||| PLANNING CONVERSION TO OKAWARU
 25151 | D:6      | 25151 ||| PLANNING D:1-11
 25196 | D:6      | 25196 ||| PLANNING CONVERSION TO OKAWARU
 25196 | D:6      | 25196 ||| PLANNING D:1-11
 25196 | D:6      | 25196 ||| Stepping randomly (stuck).
 25245 | D:7      | 25245 ||| PLANNING CONVERSION TO OKAWARU
 25247 | D:6      | 25247 ||| PLANNING D:1-11
 25292 | D:6      | 25292 ||| PLANNING CONVERSION TO OKAWARU
 25292 | D:6      | 25292 ||| PLANNING D:1-11
 25292 | D:6      | 25292 ||| Stepping randomly (stuck).
 25341 | D:7      | 25341 ||| PLANNING CONVERSION TO OKAWARU
 25343 | D:6      | 25343 ||| PLANNING D:1-11
 25388 | D:6      | 25388 ||| PLANNING CONVERSION TO OKAWARU
 25388 | D:6      | 25388 ||| PLANNING D:1-11
 25388 | D:6      | 25388 ||| Stepping randomly (stuck).
 25437 | D:7      | 25437 ||| PLANNING CONVERSION TO OKAWARU
 25439 | D:6      | 25439 ||| PLANNING D:1-11
 25484 | D:6      | 25484 ||| PLANNING CONVERSION TO OKAWARU
 25484 | D:6      | 25484 ||| PLANNING D:1-11
 25484 | D:6      | 25484 ||| Stepping randomly (stuck).
 25533 | D:7      | 25533 ||| PLANNING CONVERSION TO OKAWARU
 25535 | D:6      | 25535 ||| PLANNING D:1-11
 25580 | D:6      | 25580 ||| PLANNING CONVERSION TO OKAWARU
 25580 | D:6      | 25580 ||| PLANNING D:1-11
 25580 | D:6      | 25580 ||| Stepping randomly (stuck).
 25629 | D:7      | 25629 ||| PLANNING CONVERSION TO OKAWARU
 25631 | D:6      | 25631 ||| PLANNING D:1-11
 25676 | D:6      | 25676 ||| PLANNING CONVERSION TO OKAWARU
 25676 | D:6      | 25676 ||| PLANNING D:1-11
 25676 | D:6      | 25676 ||| Stepping randomly (stuck).
 25725 | D:7      | 25725 ||| PLANNING CONVERSION TO OKAWARU
 25727 | D:6      | 25727 ||| PLANNING D:1-11
 25772 | D:6      | 25772 ||| PLANNING CONVERSION TO OKAWARU
 25772 | D:6      | 25772 ||| PLANNING D:1-11
 25772 | D:6      | 25772 ||| Stepping randomly (stuck).
 25821 | D:7      | 25821 ||| PLANNING CONVERSION TO OKAWARU
 25823 | D:6      | 25823 ||| PLANNING D:1-11
 25868 | D:6      | 25868 ||| PLANNING CONVERSION TO OKAWARU
 25868 | D:6      | 25868 ||| PLANNING D:1-11
 25868 | D:6      | 25868 ||| Stepping randomly (stuck).
 25917 | D:7      | 25917 ||| PLANNING CONVERSION TO OKAWARU
 25919 | D:6      | 25919 ||| PLANNING D:1-11
 25964 | D:6      | 25964 ||| PLANNING CONVERSION TO OKAWARU
 25964 | D:6      | 25964 ||| PLANNING D:1-11
 25964 | D:6      | 25964 ||| Stepping randomly (stuck).
 26013 | D:7      | 26013 ||| PLANNING CONVERSION TO OKAWARU
 26015 | D:6      | 26015 ||| PLANNING D:1-11
 26060 | D:6      | 26060 ||| PLANNING CONVERSION TO OKAWARU
 26060 | D:6      | 26060 ||| PLANNING D:1-11
 26060 | D:6      | 26060 ||| Stepping randomly (stuck).
 26109 | D:7      | 26109 ||| PLANNING CONVERSION TO OKAWARU
 26111 | D:6      | 26111 ||| PLANNING D:1-11
 26156 | D:6      | 26156 ||| PLANNING CONVERSION TO OKAWARU
 26156 | D:6      | 26156 ||| PLANNING D:1-11
 26156 | D:6      | 26156 ||| Stepping randomly (stuck).
 26205 | D:7      | 26205 ||| PLANNING CONVERSION TO OKAWARU
 26207 | D:6      | 26207 ||| PLANNING D:1-11
 26252 | D:6      | 26252 ||| PLANNING CONVERSION TO OKAWARU
 26252 | D:6      | 26252 ||| PLANNING D:1-11
 26252 | D:6      | 26252 ||| Stepping randomly (stuck).
 26301 | D:7      | 26301 ||| PLANNING CONVERSION TO OKAWARU
 26303 | D:6      | 26303 ||| PLANNING D:1-11
 26348 | D:6      | 26348 ||| PLANNING CONVERSION TO OKAWARU
 26348 | D:6      | 26348 ||| PLANNING D:1-11
 26348 | D:6      | 26348 ||| Stepping randomly (stuck).
 26397 | D:7      | 26397 ||| PLANNING CONVERSION TO OKAWARU
 26399 | D:6      | 26399 ||| PLANNING D:1-11
 26444 | D:6      | 26444 ||| PLANNING CONVERSION TO OKAWARU
 26444 | D:6      | 26444 ||| PLANNING D:1-11
 26444 | D:6      | 26444 ||| Stepping randomly (stuck).
 26493 | D:7      | 26493 ||| PLANNING CONVERSION TO OKAWARU
 26495 | D:6      | 26495 ||| PLANNING D:1-11
 26540 | D:6      | 26540 ||| PLANNING CONVERSION TO OKAWARU
 26540 | D:6      | 26540 ||| PLANNING D:1-11
 26540 | D:6      | 26540 ||| Stepping randomly (stuck).
 26589 | D:7      | 26589 ||| PLANNING CONVERSION TO OKAWARU
 26591 | D:6      | 26591 ||| PLANNING D:1-11
 26636 | D:6      | 26636 ||| PLANNING CONVERSION TO OKAWARU
 26636 | D:6      | 26636 ||| PLANNING D:1-11
 26636 | D:6      | 26636 ||| Stepping randomly (stuck).
 26685 | D:7      | 26685 ||| PLANNING CONVERSION TO OKAWARU
 26687 | D:6      | 26687 ||| PLANNING D:1-11
 26732 | D:6      | 26732 ||| PLANNING CONVERSION TO OKAWARU
 26732 | D:6      | 26732 ||| PLANNING D:1-11
 26732 | D:6      | 26732 ||| Stepping randomly (stuck).
 26781 | D:7      | 26781 ||| PLANNING CONVERSION TO OKAWARU
 26783 | D:6      | 26783 ||| PLANNING D:1-11
 26828 | D:6      | 26828 ||| PLANNING CONVERSION TO OKAWARU
 26828 | D:6      | 26828 ||| PLANNING D:1-11
 26828 | D:6      | 26828 ||| Stepping randomly (stuck).
 26877 | D:7      | 26877 ||| PLANNING CONVERSION TO OKAWARU
 26879 | D:6      | 26879 ||| PLANNING D:1-11
 26924 | D:6      | 26924 ||| PLANNING CONVERSION TO OKAWARU
 26924 | D:6      | 26924 ||| PLANNING D:1-11
 26924 | D:6      | 26924 ||| Stepping randomly (stuck).
 26973 | D:7      | 26973 ||| PLANNING CONVERSION TO OKAWARU
 26975 | D:6      | 26975 ||| PLANNING D:1-11
 27020 | D:6      | 27020 ||| PLANNING CONVERSION TO OKAWARU
 27020 | D:6      | 27020 ||| PLANNING D:1-11
 27020 | D:6      | 27020 ||| Stepping randomly (stuck).
 27069 | D:7      | 27069 ||| PLANNING CONVERSION TO OKAWARU
 27071 | D:6      | 27071 ||| PLANNING D:1-11
 27116 | D:6      | 27116 ||| PLANNING CONVERSION TO OKAWARU
 27116 | D:6      | 27116 ||| PLANNING D:1-11
 27116 | D:6      | 27116 ||| Stepping randomly (stuck).
 27165 | D:7      | 27165 ||| PLANNING CONVERSION TO OKAWARU
 27167 | D:6      | 27167 ||| PLANNING D:1-11
 27212 | D:6      | 27212 ||| PLANNING CONVERSION TO OKAWARU
 27212 | D:6      | 27212 ||| PLANNING D:1-11
 27212 | D:6      | 27212 ||| Stepping randomly (stuck).
 27261 | D:7      | 27261 ||| PLANNING CONVERSION TO OKAWARU
 27263 | D:6      | 27263 ||| PLANNING D:1-11
 27308 | D:6      | 27308 ||| PLANNING CONVERSION TO OKAWARU
 27308 | D:6      | 27308 ||| PLANNING D:1-11
 27308 | D:6      | 27308 ||| Stepping randomly (stuck).
 27357 | D:7      | 27357 ||| PLANNING CONVERSION TO OKAWARU
 27359 | D:6      | 27359 ||| PLANNING D:1-11
 27404 | D:6      | 27404 ||| PLANNING CONVERSION TO OKAWARU
 27404 | D:6      | 27404 ||| PLANNING D:1-11
 27404 | D:6      | 27404 ||| Stepping randomly (stuck).
 27453 | D:7      | 27453 ||| PLANNING CONVERSION TO OKAWARU
 27455 | D:6      | 27455 ||| PLANNING D:1-11
 27500 | D:6      | 27500 ||| PLANNING CONVERSION TO OKAWARU
 27500 | D:6      | 27500 ||| PLANNING D:1-11
 27500 | D:6      | 27500 ||| Stepping randomly (stuck).
 27549 | D:7      | 27549 ||| PLANNING CONVERSION TO OKAWARU
 27551 | D:6      | 27551 ||| PLANNING D:1-11
 27596 | D:6      | 27596 ||| PLANNING CONVERSION TO OKAWARU
 27596 | D:6      | 27596 ||| PLANNING D:1-11
 27596 | D:6      | 27596 ||| Stepping randomly (stuck).
 27645 | D:7      | 27645 ||| PLANNING CONVERSION TO OKAWARU
 27647 | D:6      | 27647 ||| PLANNING D:1-11
 27692 | D:6      | 27692 ||| PLANNING CONVERSION TO OKAWARU
 27692 | D:6      | 27692 ||| PLANNING D:1-11
 27692 | D:6      | 27692 ||| Stepping randomly (stuck).
 27741 | D:7      | 27741 ||| PLANNING CONVERSION TO OKAWARU
 27743 | D:6      | 27743 ||| PLANNING D:1-11
 27788 | D:6      | 27788 ||| PLANNING CONVERSION TO OKAWARU
 27788 | D:6      | 27788 ||| PLANNING D:1-11
 27788 | D:6      | 27788 ||| Stepping randomly (stuck).
 27837 | D:7      | 27837 ||| PLANNING CONVERSION TO OKAWARU
 27839 | D:6      | 27839 ||| PLANNING D:1-11
 27884 | D:6      | 27884 ||| PLANNING CONVERSION TO OKAWARU
 27884 | D:6      | 27884 ||| PLANNING D:1-11
 27884 | D:6      | 27884 ||| Stepping randomly (stuck).
 27933 | D:7      | 27933 ||| PLANNING CONVERSION TO OKAWARU
 27935 | D:6      | 27935 ||| PLANNING D:1-11
 27980 | D:6      | 27980 ||| PLANNING CONVERSION TO OKAWARU
 27980 | D:6      | 27980 ||| PLANNING D:1-11
 27980 | D:6      | 27980 ||| Stepping randomly (stuck).
 28029 | D:7      | 28029 ||| PLANNING CONVERSION TO OKAWARU
 28031 | D:6      | 28031 ||| PLANNING D:1-11
 28076 | D:6      | 28076 ||| PLANNING CONVERSION TO OKAWARU
 28076 | D:6      | 28076 ||| PLANNING D:1-11
 28076 | D:6      | 28076 ||| Stepping randomly (stuck).
 28125 | D:7      | 28125 ||| PLANNING CONVERSION TO OKAWARU
 28127 | D:6      | 28127 ||| PLANNING D:1-11
 28172 | D:6      | 28172 ||| PLANNING CONVERSION TO OKAWARU
 28172 | D:6      | 28172 ||| PLANNING D:1-11
 28172 | D:6      | 28172 ||| Stepping randomly (stuck).
 28221 | D:7      | 28221 ||| PLANNING CONVERSION TO OKAWARU
 28223 | D:6      | 28223 ||| PLANNING D:1-11
 28268 | D:6      | 28268 ||| PLANNING CONVERSION TO OKAWARU
 28268 | D:6      | 28268 ||| PLANNING D:1-11
 28268 | D:6      | 28268 ||| Stepping randomly (stuck).
 28317 | D:7      | 28317 ||| PLANNING CONVERSION TO OKAWARU
 28319 | D:6      | 28319 ||| PLANNING D:1-11
 28364 | D:6      | 28364 ||| PLANNING CONVERSION TO OKAWARU
 28364 | D:6      | 28364 ||| PLANNING D:1-11
 28364 | D:6      | 28364 ||| Stepping randomly (stuck).
 28413 | D:7      | 28413 ||| PLANNING CONVERSION TO OKAWARU
 28415 | D:6      | 28415 ||| PLANNING D:1-11
 28460 | D:6      | 28460 ||| PLANNING CONVERSION TO OKAWARU
 28460 | D:6      | 28460 ||| PLANNING D:1-11
 28460 | D:6      | 28460 ||| Stepping randomly (stuck).
 28509 | D:7      | 28509 ||| PLANNING CONVERSION TO OKAWARU
 28511 | D:6      | 28511 ||| PLANNING D:1-11
 28556 | D:6      | 28556 ||| PLANNING CONVERSION TO OKAWARU
 28556 | D:6      | 28556 ||| PLANNING D:1-11
 28556 | D:6      | 28556 ||| Stepping randomly (stuck).
 28605 | D:7      | 28605 ||| PLANNING CONVERSION TO OKAWARU
 28607 | D:6      | 28607 ||| PLANNING D:1-11
 28652 | D:6      | 28652 ||| PLANNING CONVERSION TO OKAWARU
 28652 | D:6      | 28652 ||| PLANNING D:1-11
 28652 | D:6      | 28652 ||| Stepping randomly (stuck).
 28701 | D:7      | 28701 ||| PLANNING CONVERSION TO OKAWARU
 28703 | D:6      | 28703 ||| PLANNING D:1-11
 28748 | D:6      | 28748 ||| PLANNING CONVERSION TO OKAWARU
 28748 | D:6      | 28748 ||| PLANNING D:1-11
 28748 | D:6      | 28748 ||| Stepping randomly (stuck).
 28797 | D:7      | 28797 ||| PLANNING CONVERSION TO OKAWARU
 28799 | D:6      | 28799 ||| PLANNING D:1-11
 28844 | D:6      | 28844 ||| PLANNING CONVERSION TO OKAWARU
 28844 | D:6      | 28844 ||| PLANNING D:1-11
 28844 | D:6      | 28844 ||| Stepping randomly (stuck).
 28893 | D:7      | 28893 ||| PLANNING CONVERSION TO OKAWARU
 28895 | D:6      | 28895 ||| PLANNING D:1-11
 28940 | D:6      | 28940 ||| PLANNING CONVERSION TO OKAWARU
 28940 | D:6      | 28940 ||| PLANNING D:1-11
 28940 | D:6      | 28940 ||| Stepping randomly (stuck).
 28989 | D:7      | 28989 ||| PLANNING CONVERSION TO OKAWARU
 28991 | D:6      | 28991 ||| PLANNING D:1-11
 29036 | D:6      | 29036 ||| PLANNING CONVERSION TO OKAWARU
 29036 | D:6      | 29036 ||| PLANNING D:1-11
 29036 | D:6      | 29036 ||| Stepping randomly (stuck).
 29085 | D:7      | 29085 ||| PLANNING CONVERSION TO OKAWARU
 29087 | D:6      | 29087 ||| PLANNING D:1-11
 29132 | D:6      | 29132 ||| PLANNING CONVERSION TO OKAWARU
 29132 | D:6      | 29132 ||| PLANNING D:1-11
 29132 | D:6      | 29132 ||| Stepping randomly (stuck).
 29181 | D:7      | 29181 ||| PLANNING CONVERSION TO OKAWARU
 29183 | D:6      | 29183 ||| PLANNING D:1-11
 29228 | D:6      | 29228 ||| PLANNING CONVERSION TO OKAWARU
 29228 | D:6      | 29228 ||| PLANNING D:1-11
 29228 | D:6      | 29228 ||| Stepping randomly (stuck).
 29277 | D:7      | 29277 ||| PLANNING CONVERSION TO OKAWARU
 29279 | D:6      | 29279 ||| PLANNING D:1-11
 29324 | D:6      | 29324 ||| PLANNING CONVERSION TO OKAWARU
 29324 | D:6      | 29324 ||| PLANNING D:1-11
 29324 | D:6      | 29324 ||| Stepping randomly (stuck).
 29373 | D:7      | 29373 ||| PLANNING CONVERSION TO OKAWARU
 29375 | D:6      | 29375 ||| PLANNING D:1-11
 29420 | D:6      | 29420 ||| PLANNING CONVERSION TO OKAWARU
 29420 | D:6      | 29420 ||| PLANNING D:1-11
 29420 | D:6      | 29420 ||| Stepping randomly (stuck).
 29469 | D:7      | 29469 ||| PLANNING CONVERSION TO OKAWARU
 29471 | D:6      | 29471 ||| PLANNING D:1-11
 29516 | D:6      | 29516 ||| PLANNING CONVERSION TO OKAWARU
 29516 | D:6      | 29516 ||| PLANNING D:1-11
 29516 | D:6      | 29516 ||| Stepping randomly (stuck).
 29565 | D:7      | 29565 ||| PLANNING CONVERSION TO OKAWARU
 29567 | D:6      | 29567 ||| PLANNING D:1-11
 29612 | D:6      | 29612 ||| PLANNING CONVERSION TO OKAWARU
 29612 | D:6      | 29612 ||| PLANNING D:1-11
 29612 | D:6      | 29612 ||| Stepping randomly (stuck).
 29661 | D:7      | 29661 ||| PLANNING CONVERSION TO OKAWARU
 29663 | D:6      | 29663 ||| PLANNING D:1-11
 29708 | D:6      | 29708 ||| PLANNING CONVERSION TO OKAWARU
 29708 | D:6      | 29708 ||| PLANNING D:1-11
 29708 | D:6      | 29708 ||| Stepping randomly (stuck).
 29757 | D:7      | 29757 ||| PLANNING CONVERSION TO OKAWARU
 29759 | D:6      | 29759 ||| PLANNING D:1-11
 29804 | D:6      | 29804 ||| PLANNING CONVERSION TO OKAWARU
 29804 | D:6      | 29804 ||| PLANNING D:1-11
 29804 | D:6      | 29804 ||| Stepping randomly (stuck).
 29853 | D:7      | 29853 ||| PLANNING CONVERSION TO OKAWARU
 29855 | D:6      | 29855 ||| PLANNING D:1-11
 29900 | D:6      | 29900 ||| PLANNING CONVERSION TO OKAWARU
 29900 | D:6      | 29900 ||| PLANNING D:1-11
 29900 | D:6      | 29900 ||| Stepping randomly (stuck).
 29949 | D:7      | 29949 ||| PLANNING CONVERSION TO OKAWARU
 29951 | D:6      | 29951 ||| PLANNING D:1-11
 29996 | D:6      | 29996 ||| PLANNING CONVERSION TO OKAWARU
 29996 | D:6      | 29996 ||| PLANNING D:1-11
 29996 | D:6      | 29996 ||| Stepping randomly (stuck).
 30045 | D:7      | 30045 ||| PLANNING CONVERSION TO OKAWARU
 30047 | D:6      | 30047 ||| PLANNING D:1-11
 30092 | D:6      | 30092 ||| PLANNING CONVERSION TO OKAWARU
 30092 | D:6      | 30092 ||| PLANNING D:1-11
 30092 | D:6      | 30092 ||| Stepping randomly (stuck).
 30141 | D:7      | 30141 ||| PLANNING CONVERSION TO OKAWARU
 30143 | D:6      | 30143 ||| PLANNING D:1-11
 30188 | D:6      | 30188 ||| PLANNING CONVERSION TO OKAWARU
 30188 | D:6      | 30188 ||| PLANNING D:1-11
 30188 | D:6      | 30188 ||| Stepping randomly (stuck).
 30237 | D:7      | 30237 ||| PLANNING CONVERSION TO OKAWARU
 30239 | D:6      | 30239 ||| PLANNING D:1-11
 30284 | D:6      | 30284 ||| PLANNING CONVERSION TO OKAWARU
 30284 | D:6      | 30284 ||| PLANNING D:1-11
 30284 | D:6      | 30284 ||| Stepping randomly (stuck).
 30333 | D:7      | 30333 ||| PLANNING CONVERSION TO OKAWARU
 30335 | D:6      | 30335 ||| PLANNING D:1-11
 30380 | D:6      | 30380 ||| PLANNING CONVERSION TO OKAWARU
 30380 | D:6      | 30380 ||| PLANNING D:1-11
 30380 | D:6      | 30380 ||| Stepping randomly (stuck).
 30429 | D:7      | 30429 ||| PLANNING CONVERSION TO OKAWARU
 30431 | D:6      | 30431 ||| PLANNING D:1-11
 30476 | D:6      | 30476 ||| PLANNING CONVERSION TO OKAWARU
 30476 | D:6      | 30476 ||| PLANNING D:1-11
 30476 | D:6      | 30476 ||| Stepping randomly (stuck).
 30525 | D:7      | 30525 ||| PLANNING CONVERSION TO OKAWARU
 30527 | D:6      | 30527 ||| PLANNING D:1-11
 30572 | D:6      | 30572 ||| PLANNING CONVERSION TO OKAWARU
 30572 | D:6      | 30572 ||| PLANNING D:1-11
 30572 | D:6      | 30572 ||| Stepping randomly (stuck).
 30621 | D:7      | 30621 ||| PLANNING CONVERSION TO OKAWARU
 30623 | D:6      | 30623 ||| PLANNING D:1-11
 30668 | D:6      | 30668 ||| PLANNING CONVERSION TO OKAWARU
 30668 | D:6      | 30668 ||| PLANNING D:1-11
 30668 | D:6      | 30668 ||| Stepping randomly (stuck).
 30717 | D:7      | 30717 ||| PLANNING CONVERSION TO OKAWARU
 30719 | D:6      | 30719 ||| PLANNING D:1-11
 30764 | D:6      | 30764 ||| PLANNING CONVERSION TO OKAWARU
 30764 | D:6      | 30764 ||| PLANNING D:1-11
 30764 | D:6      | 30764 ||| Stepping randomly (stuck).
 30813 | D:7      | 30813 ||| PLANNING CONVERSION TO OKAWARU
 30815 | D:6      | 30815 ||| PLANNING D:1-11
 30860 | D:6      | 30860 ||| PLANNING CONVERSION TO OKAWARU
 30860 | D:6      | 30860 ||| PLANNING D:1-11
 30860 | D:6      | 30860 ||| Stepping randomly (stuck).
 30909 | D:7      | 30909 ||| PLANNING CONVERSION TO OKAWARU
 30911 | D:6      | 30911 ||| PLANNING D:1-11
 30956 | D:6      | 30956 ||| PLANNING CONVERSION TO OKAWARU
 30956 | D:6      | 30956 ||| PLANNING D:1-11
 30956 | D:6      | 30956 ||| Stepping randomly (stuck).
 31005 | D:7      | 31005 ||| PLANNING CONVERSION TO OKAWARU
 31007 | D:6      | 31007 ||| PLANNING D:1-11
 31052 | D:6      | 31052 ||| PLANNING CONVERSION TO OKAWARU
 31052 | D:6      | 31052 ||| PLANNING D:1-11
 31052 | D:6      | 31052 ||| Stepping randomly (stuck).
 31101 | D:7      | 31101 ||| PLANNING CONVERSION TO OKAWARU
 31103 | D:6      | 31103 ||| PLANNING D:1-11
 31148 | D:6      | 31148 ||| PLANNING CONVERSION TO OKAWARU
 31148 | D:6      | 31148 ||| PLANNING D:1-11
 31148 | D:6      | 31148 ||| Stepping randomly (stuck).
 31197 | D:7      | 31197 ||| PLANNING CONVERSION TO OKAWARU
 31199 | D:6      | 31199 ||| PLANNING D:1-11
 31244 | D:6      | 31244 ||| PLANNING CONVERSION TO OKAWARU
 31244 | D:6      | 31244 ||| PLANNING D:1-11
 31244 | D:6      | 31244 ||| Stepping randomly (stuck).
 31293 | D:7      | 31293 ||| PLANNING CONVERSION TO OKAWARU
 31295 | D:6      | 31295 ||| PLANNING D:1-11
 31340 | D:6      | 31340 ||| PLANNING CONVERSION TO OKAWARU
 31340 | D:6      | 31340 ||| PLANNING D:1-11
 31340 | D:6      | 31340 ||| Stepping randomly (stuck).
 31389 | D:7      | 31389 ||| PLANNING CONVERSION TO OKAWARU
 31391 | D:6      | 31391 ||| PLANNING D:1-11
 31436 | D:6      | 31436 ||| PLANNING CONVERSION TO OKAWARU
 31436 | D:6      | 31436 ||| PLANNING D:1-11
 31436 | D:6      | 31436 ||| Stepping randomly (stuck).
 31485 | D:7      | 31485 ||| PLANNING CONVERSION TO OKAWARU
 31487 | D:6      | 31487 ||| PLANNING D:1-11
 31532 | D:6      | 31532 ||| PLANNING CONVERSION TO OKAWARU
 31532 | D:6      | 31532 ||| PLANNING D:1-11
 31532 | D:6      | 31532 ||| Stepping randomly (stuck).
 31581 | D:7      | 31581 ||| PLANNING CONVERSION TO OKAWARU
 31583 | D:6      | 31583 ||| PLANNING D:1-11
 31628 | D:6      | 31628 ||| PLANNING CONVERSION TO OKAWARU
 31628 | D:6      | 31628 ||| PLANNING D:1-11
 31628 | D:6      | 31628 ||| Stepping randomly (stuck).
 31677 | D:7      | 31677 ||| PLANNING CONVERSION TO OKAWARU
 31679 | D:6      | 31679 ||| PLANNING D:1-11
 31724 | D:6      | 31724 ||| PLANNING CONVERSION TO OKAWARU
 31724 | D:6      | 31724 ||| PLANNING D:1-11
 31724 | D:6      | 31724 ||| Stepping randomly (stuck).
 31773 | D:7      | 31773 ||| PLANNING CONVERSION TO OKAWARU
 31775 | D:6      | 31775 ||| PLANNING D:1-11
 31820 | D:6      | 31820 ||| PLANNING CONVERSION TO OKAWARU
 31820 | D:6      | 31820 ||| PLANNING D:1-11
 31820 | D:6      | 31820 ||| Stepping randomly (stuck).
 31869 | D:7      | 31869 ||| PLANNING CONVERSION TO OKAWARU
 31871 | D:6      | 31871 ||| PLANNING D:1-11
 31916 | D:6      | 31916 ||| PLANNING CONVERSION TO OKAWARU
 31916 | D:6      | 31916 ||| PLANNING D:1-11
 31916 | D:6      | 31916 ||| Stepping randomly (stuck).
 31965 | D:7      | 31965 ||| PLANNING CONVERSION TO OKAWARU
 31967 | D:6      | 31967 ||| PLANNING D:1-11
 32012 | D:6      | 32012 ||| PLANNING CONVERSION TO OKAWARU
 32012 | D:6      | 32012 ||| PLANNING D:1-11
 32012 | D:6      | 32012 ||| Stepping randomly (stuck).
 32061 | D:7      | 32061 ||| PLANNING CONVERSION TO OKAWARU
 32063 | D:6      | 32063 ||| PLANNING D:1-11
 32108 | D:6      | 32108 ||| PLANNING CONVERSION TO OKAWARU
 32108 | D:6      | 32108 ||| PLANNING D:1-11
 32108 | D:6      | 32108 ||| Stepping randomly (stuck).
 32157 | D:7      | 32157 ||| PLANNING CONVERSION TO OKAWARU
 32159 | D:6      | 32159 ||| PLANNING D:1-11
 32204 | D:6      | 32204 ||| PLANNING CONVERSION TO OKAWARU
 32204 | D:6      | 32204 ||| PLANNING D:1-11
 32204 | D:6      | 32204 ||| Stepping randomly (stuck).
 32253 | D:7      | 32253 ||| PLANNING CONVERSION TO OKAWARU
 32255 | D:6      | 32255 ||| PLANNING D:1-11
 32300 | D:6      | 32300 ||| PLANNING CONVERSION TO OKAWARU
 32300 | D:6      | 32300 ||| PLANNING D:1-11
 32300 | D:6      | 32300 ||| Stepping randomly (stuck).
 32349 | D:7      | 32349 ||| PLANNING CONVERSION TO OKAWARU
 32351 | D:6      | 32351 ||| PLANNING D:1-11
 32396 | D:6      | 32396 ||| PLANNING CONVERSION TO OKAWARU
 32396 | D:6      | 32396 ||| PLANNING D:1-11
 32396 | D:6      | 32396 ||| Stepping randomly (stuck).
 32445 | D:7      | 32445 ||| PLANNING CONVERSION TO OKAWARU
 32447 | D:6      | 32447 ||| PLANNING D:1-11
 32492 | D:6      | 32492 ||| PLANNING CONVERSION TO OKAWARU
 32492 | D:6      | 32492 ||| PLANNING D:1-11
 32492 | D:6      | 32492 ||| Stepping randomly (stuck).
 32541 | D:7      | 32541 ||| PLANNING CONVERSION TO OKAWARU
 32543 | D:6      | 32543 ||| PLANNING D:1-11
 32588 | D:6      | 32588 ||| PLANNING CONVERSION TO OKAWARU
 32588 | D:6      | 32588 ||| PLANNING D:1-11
 32588 | D:6      | 32588 ||| Stepping randomly (stuck).
 32637 | D:7      | 32637 ||| PLANNING CONVERSION TO OKAWARU
 32639 | D:6      | 32639 ||| PLANNING D:1-11
 32684 | D:6      | 32684 ||| PLANNING CONVERSION TO OKAWARU
 32684 | D:6      | 32684 ||| PLANNING D:1-11
 32684 | D:6      | 32684 ||| Stepping randomly (stuck).
 32733 | D:7      | 32733 ||| PLANNING CONVERSION TO OKAWARU
 32735 | D:6      | 32735 ||| PLANNING D:1-11
 32780 | D:6      | 32780 ||| PLANNING CONVERSION TO OKAWARU
 32780 | D:6      | 32780 ||| PLANNING D:1-11
 32780 | D:6      | 32780 ||| Stepping randomly (stuck).
 32829 | D:7      | 32829 ||| PLANNING CONVERSION TO OKAWARU
 32831 | D:6      | 32831 ||| PLANNING D:1-11
 32876 | D:6      | 32876 ||| PLANNING CONVERSION TO OKAWARU
 32876 | D:6      | 32876 ||| PLANNING D:1-11
 32876 | D:6      | 32876 ||| Stepping randomly (stuck).
 32925 | D:7      | 32925 ||| PLANNING CONVERSION TO OKAWARU
 32927 | D:6      | 32927 ||| PLANNING D:1-11
 32972 | D:6      | 32972 ||| PLANNING CONVERSION TO OKAWARU
 32972 | D:6      | 32972 ||| PLANNING D:1-11
 32972 | D:6      | 32972 ||| Stepping randomly (stuck).
 33021 | D:7      | 33021 ||| PLANNING CONVERSION TO OKAWARU
 33023 | D:6      | 33023 ||| PLANNING D:1-11
 33068 | D:6      | 33068 ||| PLANNING CONVERSION TO OKAWARU
 33068 | D:6      | 33068 ||| PLANNING D:1-11
 33068 | D:6      | 33068 ||| Stepping randomly (stuck).
 33117 | D:7      | 33117 ||| PLANNING CONVERSION TO OKAWARU
 33119 | D:6      | 33119 ||| PLANNING D:1-11
 33164 | D:6      | 33164 ||| PLANNING CONVERSION TO OKAWARU
 33164 | D:6      | 33164 ||| PLANNING D:1-11
 33164 | D:6      | 33164 ||| Stepping randomly (stuck).
 33213 | D:7      | 33213 ||| PLANNING CONVERSION TO OKAWARU
 33215 | D:6      | 33215 ||| PLANNING D:1-11
 33260 | D:6      | 33260 ||| PLANNING CONVERSION TO OKAWARU
 33260 | D:6      | 33260 ||| PLANNING D:1-11
 33260 | D:6      | 33260 ||| Stepping randomly (stuck).
 33309 | D:7      | 33309 ||| PLANNING CONVERSION TO OKAWARU
 33311 | D:6      | 33311 ||| PLANNING D:1-11
 33356 | D:6      | 33356 ||| PLANNING CONVERSION TO OKAWARU
 33356 | D:6      | 33356 ||| PLANNING D:1-11
 33356 | D:6      | 33356 ||| Stepping randomly (stuck).
 33405 | D:7      | 33405 ||| PLANNING CONVERSION TO OKAWARU
 33407 | D:6      | 33407 ||| PLANNING D:1-11
 33452 | D:6      | 33452 ||| PLANNING CONVERSION TO OKAWARU
 33452 | D:6      | 33452 ||| PLANNING D:1-11
 33452 | D:6      | 33452 ||| Stepping randomly (stuck).
 33501 | D:7      | 33501 ||| PLANNING CONVERSION TO OKAWARU
 33503 | D:6      | 33503 ||| PLANNING D:1-11
 33548 | D:6      | 33548 ||| PLANNING CONVERSION TO OKAWARU
 33548 | D:6      | 33548 ||| PLANNING D:1-11
 33548 | D:6      | 33548 ||| Stepping randomly (stuck).
 33597 | D:7      | 33597 ||| PLANNING CONVERSION TO OKAWARU
 33599 | D:6      | 33599 ||| PLANNING D:1-11
 33644 | D:6      | 33644 ||| PLANNING CONVERSION TO OKAWARU
 33644 | D:6      | 33644 ||| PLANNING D:1-11
 33644 | D:6      | 33644 ||| Stepping randomly (stuck).
 33693 | D:7      | 33693 ||| PLANNING CONVERSION TO OKAWARU
 33695 | D:6      | 33695 ||| PLANNING D:1-11
 33740 | D:6      | 33740 ||| PLANNING CONVERSION TO OKAWARU
 33740 | D:6      | 33740 ||| PLANNING D:1-11
 33740 | D:6      | 33740 ||| Stepping randomly (stuck).
 33789 | D:7      | 33789 ||| PLANNING CONVERSION TO OKAWARU
 33791 | D:6      | 33791 ||| PLANNING D:1-11
 33836 | D:6      | 33836 ||| PLANNING CONVERSION TO OKAWARU
 33836 | D:6      | 33836 ||| PLANNING D:1-11
 33836 | D:6      | 33836 ||| Stepping randomly (stuck).
 33885 | D:7      | 33885 ||| PLANNING CONVERSION TO OKAWARU
 33887 | D:6      | 33887 ||| PLANNING D:1-11
 33932 | D:6      | 33932 ||| PLANNING CONVERSION TO OKAWARU
 33932 | D:6      | 33932 ||| PLANNING D:1-11
 33932 | D:6      | 33932 ||| Stepping randomly (stuck).
 33981 | D:7      | 33981 ||| PLANNING CONVERSION TO OKAWARU
 33983 | D:6      | 33983 ||| PLANNING D:1-11
 34028 | D:6      | 34028 ||| PLANNING CONVERSION TO OKAWARU
 34028 | D:6      | 34028 ||| PLANNING D:1-11
 34028 | D:6      | 34028 ||| Stepping randomly (stuck).
 34077 | D:7      | 34077 ||| PLANNING CONVERSION TO OKAWARU
 34079 | D:6      | 34079 ||| PLANNING D:1-11
 34124 | D:6      | 34124 ||| PLANNING CONVERSION TO OKAWARU
 34124 | D:6      | 34124 ||| PLANNING D:1-11
 34124 | D:6      | 34124 ||| Stepping randomly (stuck).
 34173 | D:7      | 34173 ||| PLANNING CONVERSION TO OKAWARU
 34175 | D:6      | 34175 ||| PLANNING D:1-11
 34220 | D:6      | 34220 ||| PLANNING CONVERSION TO OKAWARU
 34220 | D:6      | 34220 ||| PLANNING D:1-11
 34220 | D:6      | 34220 ||| Stepping randomly (stuck).
 34269 | D:7      | 34269 ||| PLANNING CONVERSION TO OKAWARU
 34271 | D:6      | 34271 ||| PLANNING D:1-11
 34316 | D:6      | 34316 ||| PLANNING CONVERSION TO OKAWARU
 34316 | D:6      | 34316 ||| PLANNING D:1-11
 34316 | D:6      | 34316 ||| Stepping randomly (stuck).
 34365 | D:7      | 34365 ||| PLANNING CONVERSION TO OKAWARU
 34367 | D:6      | 34367 ||| PLANNING D:1-11
 34412 | D:6      | 34412 ||| PLANNING CONVERSION TO OKAWARU
 34412 | D:6      | 34412 ||| PLANNING D:1-11
 34412 | D:6      | 34412 ||| Stepping randomly (stuck).
 34461 | D:7      | 34461 ||| PLANNING CONVERSION TO OKAWARU
 34463 | D:6      | 34463 ||| PLANNING D:1-11
 34508 | D:6      | 34508 ||| PLANNING CONVERSION TO OKAWARU
 34508 | D:6      | 34508 ||| PLANNING D:1-11
 34508 | D:6      | 34508 ||| Stepping randomly (stuck).
 34557 | D:7      | 34557 ||| PLANNING CONVERSION TO OKAWARU
 34559 | D:6      | 34559 ||| PLANNING D:1-11
 34604 | D:6      | 34604 ||| PLANNING CONVERSION TO OKAWARU
 34604 | D:6      | 34604 ||| PLANNING D:1-11
 34604 | D:6      | 34604 ||| Stepping randomly (stuck).
 34653 | D:7      | 34653 ||| PLANNING CONVERSION TO OKAWARU
 34655 | D:6      | 34655 ||| PLANNING D:1-11
 34700 | D:6      | 34700 ||| PLANNING CONVERSION TO OKAWARU
 34700 | D:6      | 34700 ||| PLANNING D:1-11
 34700 | D:6      | 34700 ||| Stepping randomly (stuck).
 34749 | D:7      | 34749 ||| PLANNING CONVERSION TO OKAWARU
 34751 | D:6      | 34751 ||| PLANNING D:1-11
 34796 | D:6      | 34796 ||| PLANNING CONVERSION TO OKAWARU
 34796 | D:6      | 34796 ||| PLANNING D:1-11
 34796 | D:6      | 34796 ||| Stepping randomly (stuck).
 34845 | D:7      | 34845 ||| PLANNING CONVERSION TO OKAWARU
 34847 | D:6      | 34847 ||| PLANNING D:1-11
 34892 | D:6      | 34892 ||| PLANNING CONVERSION TO OKAWARU
 34892 | D:6      | 34892 ||| PLANNING D:1-11
 34892 | D:6      | 34892 ||| Stepping randomly (stuck).
 34941 | D:7      | 34941 ||| PLANNING CONVERSION TO OKAWARU
 34943 | D:6      | 34943 ||| PLANNING D:1-11
 34988 | D:6      | 34988 ||| PLANNING CONVERSION TO OKAWARU
 34988 | D:6      | 34988 ||| PLANNING D:1-11
 34988 | D:6      | 34988 ||| Stepping randomly (stuck).
 35037 | D:7      | 35037 ||| PLANNING CONVERSION TO OKAWARU
 35039 | D:6      | 35039 ||| PLANNING D:1-11
 35084 | D:6      | 35084 ||| PLANNING CONVERSION TO OKAWARU
 35084 | D:6      | 35084 ||| PLANNING D:1-11
 35084 | D:6      | 35084 ||| Stepping randomly (stuck).
 35133 | D:7      | 35133 ||| PLANNING CONVERSION TO OKAWARU
 35135 | D:6      | 35135 ||| PLANNING D:1-11
 35180 | D:6      | 35180 ||| PLANNING CONVERSION TO OKAWARU
 35180 | D:6      | 35180 ||| PLANNING D:1-11
 35180 | D:6      | 35180 ||| Stepping randomly (stuck).
 35229 | D:7      | 35229 ||| PLANNING CONVERSION TO OKAWARU
 35231 | D:6      | 35231 ||| PLANNING D:1-11
 35276 | D:6      | 35276 ||| PLANNING CONVERSION TO OKAWARU
 35276 | D:6      | 35276 ||| PLANNING D:1-11
 35276 | D:6      | 35276 ||| Stepping randomly (stuck).
 35325 | D:7      | 35325 ||| PLANNING CONVERSION TO OKAWARU
 35327 | D:6      | 35327 ||| PLANNING D:1-11
 35372 | D:6      | 35372 ||| PLANNING CONVERSION TO OKAWARU
 35372 | D:6      | 35372 ||| PLANNING D:1-11
 35372 | D:6      | 35372 ||| Stepping randomly (stuck).
 35421 | D:7      | 35421 ||| PLANNING CONVERSION TO OKAWARU
 35423 | D:6      | 35423 ||| PLANNING D:1-11
 35468 | D:6      | 35468 ||| PLANNING CONVERSION TO OKAWARU
 35468 | D:6      | 35468 ||| PLANNING D:1-11
 35468 | D:6      | 35468 ||| Stepping randomly (stuck).
 35517 | D:7      | 35517 ||| PLANNING CONVERSION TO OKAWARU
 35519 | D:6      | 35519 ||| PLANNING D:1-11
 35564 | D:6      | 35564 ||| PLANNING CONVERSION TO OKAWARU
 35564 | D:6      | 35564 ||| PLANNING D:1-11
 35564 | D:6      | 35564 ||| Stepping randomly (stuck).
 35613 | D:7      | 35613 ||| PLANNING CONVERSION TO OKAWARU
 35615 | D:6      | 35615 ||| PLANNING D:1-11
 35660 | D:6      | 35660 ||| PLANNING CONVERSION TO OKAWARU
 35660 | D:6      | 35660 ||| PLANNING D:1-11
 35660 | D:6      | 35660 ||| Stepping randomly (stuck).
 35709 | D:7      | 35709 ||| PLANNING CONVERSION TO OKAWARU
 35711 | D:6      | 35711 ||| PLANNING D:1-11
 35756 | D:6      | 35756 ||| PLANNING CONVERSION TO OKAWARU
 35756 | D:6      | 35756 ||| PLANNING D:1-11
 35756 | D:6      | 35756 ||| Stepping randomly (stuck).
 35805 | D:7      | 35805 ||| PLANNING CONVERSION TO OKAWARU
 35807 | D:6      | 35807 ||| PLANNING D:1-11
 35852 | D:6      | 35852 ||| PLANNING CONVERSION TO OKAWARU
 35852 | D:6      | 35852 ||| PLANNING D:1-11
 35852 | D:6      | 35852 ||| Stepping randomly (stuck).
 35901 | D:7      | 35901 ||| PLANNING CONVERSION TO OKAWARU
 35903 | D:6      | 35903 ||| PLANNING D:1-11
 35948 | D:6      | 35948 ||| PLANNING CONVERSION TO OKAWARU
 35948 | D:6      | 35948 ||| PLANNING D:1-11
 35948 | D:6      | 35948 ||| Stepping randomly (stuck).
 35997 | D:7      | 35997 ||| PLANNING CONVERSION TO OKAWARU
 35999 | D:6      | 35999 ||| PLANNING D:1-11
 36044 | D:6      | 36044 ||| PLANNING CONVERSION TO OKAWARU
 36044 | D:6      | 36044 ||| PLANNING D:1-11
 36044 | D:6      | 36044 ||| Stepping randomly (stuck).
 36093 | D:7      | 36093 ||| PLANNING CONVERSION TO OKAWARU
 36095 | D:6      | 36095 ||| PLANNING D:1-11
 36140 | D:6      | 36140 ||| PLANNING CONVERSION TO OKAWARU
 36140 | D:6      | 36140 ||| PLANNING D:1-11
 36140 | D:6      | 36140 ||| Stepping randomly (stuck).
 36189 | D:7      | 36189 ||| PLANNING CONVERSION TO OKAWARU
 36191 | D:6      | 36191 ||| PLANNING D:1-11
 36236 | D:6      | 36236 ||| PLANNING CONVERSION TO OKAWARU
 36236 | D:6      | 36236 ||| PLANNING D:1-11
 36236 | D:6      | 36236 ||| Stepping randomly (stuck).
 36285 | D:7      | 36285 ||| PLANNING CONVERSION TO OKAWARU
 36287 | D:6      | 36287 ||| PLANNING D:1-11
 36332 | D:6      | 36332 ||| PLANNING CONVERSION TO OKAWARU
 36332 | D:6      | 36332 ||| PLANNING D:1-11
 36332 | D:6      | 36332 ||| Stepping randomly (stuck).
 36381 | D:7      | 36381 ||| PLANNING CONVERSION TO OKAWARU
 36383 | D:6      | 36383 ||| PLANNING D:1-11
 36428 | D:6      | 36428 ||| PLANNING CONVERSION TO OKAWARU
 36428 | D:6      | 36428 ||| PLANNING D:1-11
 36428 | D:6      | 36428 ||| Stepping randomly (stuck).
 36477 | D:7      | 36477 ||| PLANNING CONVERSION TO OKAWARU
 36479 | D:6      | 36479 ||| PLANNING D:1-11
 36524 | D:6      | 36524 ||| PLANNING CONVERSION TO OKAWARU
 36524 | D:6      | 36524 ||| PLANNING D:1-11
 36524 | D:6      | 36524 ||| Stepping randomly (stuck).
 36573 | D:7      | 36573 ||| PLANNING CONVERSION TO OKAWARU
 36575 | D:6      | 36575 ||| PLANNING D:1-11
 36620 | D:6      | 36620 ||| PLANNING CONVERSION TO OKAWARU
 36620 | D:6      | 36620 ||| PLANNING D:1-11
 36620 | D:6      | 36620 ||| Stepping randomly (stuck).
 36669 | D:7      | 36669 ||| PLANNING CONVERSION TO OKAWARU
 36671 | D:6      | 36671 ||| PLANNING D:1-11
 36716 | D:6      | 36716 ||| PLANNING CONVERSION TO OKAWARU
 36716 | D:6      | 36716 ||| PLANNING D:1-11
 36716 | D:6      | 36716 ||| Stepping randomly (stuck).
 36765 | D:7      | 36765 ||| PLANNING CONVERSION TO OKAWARU
 36767 | D:6      | 36767 ||| PLANNING D:1-11
 36812 | D:6      | 36812 ||| PLANNING CONVERSION TO OKAWARU
 36812 | D:6      | 36812 ||| PLANNING D:1-11
 36812 | D:6      | 36812 ||| Stepping randomly (stuck).
 36861 | D:7      | 36861 ||| PLANNING CONVERSION TO OKAWARU
 36863 | D:6      | 36863 ||| PLANNING D:1-11
 36908 | D:6      | 36908 ||| PLANNING CONVERSION TO OKAWARU
 36908 | D:6      | 36908 ||| PLANNING D:1-11
 36908 | D:6      | 36908 ||| Stepping randomly (stuck).
 36957 | D:7      | 36957 ||| PLANNING CONVERSION TO OKAWARU
 36959 | D:6      | 36959 ||| PLANNING D:1-11
 37004 | D:6      | 37004 ||| PLANNING CONVERSION TO OKAWARU
 37004 | D:6      | 37004 ||| PLANNING D:1-11
 37004 | D:6      | 37004 ||| Stepping randomly (stuck).
 37053 | D:7      | 37053 ||| PLANNING CONVERSION TO OKAWARU
 37055 | D:6      | 37055 ||| PLANNING D:1-11
 37100 | D:6      | 37100 ||| PLANNING CONVERSION TO OKAWARU
 37100 | D:6      | 37100 ||| PLANNING D:1-11
 37100 | D:6      | 37100 ||| Stepping randomly (stuck).
 37149 | D:7      | 37149 ||| PLANNING CONVERSION TO OKAWARU
 37151 | D:6      | 37151 ||| PLANNING D:1-11
 37196 | D:6      | 37196 ||| PLANNING CONVERSION TO OKAWARU
 37196 | D:6      | 37196 ||| PLANNING D:1-11
 37196 | D:6      | 37196 ||| Stepping randomly (stuck).
 37245 | D:7      | 37245 ||| PLANNING CONVERSION TO OKAWARU
 37247 | D:6      | 37247 ||| PLANNING D:1-11
 37292 | D:6      | 37292 ||| PLANNING CONVERSION TO OKAWARU
 37292 | D:6      | 37292 ||| PLANNING D:1-11
 37292 | D:6      | 37292 ||| Stepping randomly (stuck).
 37341 | D:7      | 37341 ||| PLANNING CONVERSION TO OKAWARU
 37343 | D:6      | 37343 ||| PLANNING D:1-11
 37388 | D:6      | 37388 ||| PLANNING CONVERSION TO OKAWARU
 37388 | D:6      | 37388 ||| PLANNING D:1-11
 37388 | D:6      | 37388 ||| Stepping randomly (stuck).
 37437 | D:7      | 37437 ||| PLANNING CONVERSION TO OKAWARU
 37439 | D:6      | 37439 ||| PLANNING D:1-11
 37484 | D:6      | 37484 ||| PLANNING CONVERSION TO OKAWARU
 37484 | D:6      | 37484 ||| PLANNING D:1-11
 37484 | D:6      | 37484 ||| Stepping randomly (stuck).
 37533 | D:7      | 37533 ||| PLANNING CONVERSION TO OKAWARU
 37535 | D:6      | 37535 ||| PLANNING D:1-11
 37580 | D:6      | 37580 ||| PLANNING CONVERSION TO OKAWARU
 37580 | D:6      | 37580 ||| PLANNING D:1-11
 37580 | D:6      | 37580 ||| Stepping randomly (stuck).
 37629 | D:7      | 37629 ||| PLANNING CONVERSION TO OKAWARU
 37631 | D:6      | 37631 ||| PLANNING D:1-11
 37676 | D:6      | 37676 ||| PLANNING CONVERSION TO OKAWARU
 37676 | D:6      | 37676 ||| PLANNING D:1-11
 37676 | D:6      | 37676 ||| Stepping randomly (stuck).
 37725 | D:7      | 37725 ||| PLANNING CONVERSION TO OKAWARU
 37727 | D:6      | 37727 ||| PLANNING D:1-11
 37772 | D:6      | 37772 ||| PLANNING CONVERSION TO OKAWARU
 37772 | D:6      | 37772 ||| PLANNING D:1-11
 37772 | D:6      | 37772 ||| Stepping randomly (stuck).
 37821 | D:7      | 37821 ||| PLANNING CONVERSION TO OKAWARU
 37823 | D:6      | 37823 ||| PLANNING D:1-11
 37868 | D:6      | 37868 ||| PLANNING CONVERSION TO OKAWARU
 37868 | D:6      | 37868 ||| PLANNING D:1-11
 37868 | D:6      | 37868 ||| Stepping randomly (stuck).
 37917 | D:7      | 37917 ||| PLANNING CONVERSION TO OKAWARU
 37919 | D:6      | 37919 ||| PLANNING D:1-11
 37964 | D:6      | 37964 ||| PLANNING CONVERSION TO OKAWARU
 37964 | D:6      | 37964 ||| PLANNING D:1-11
 37964 | D:6      | 37964 ||| Stepping randomly (stuck).
 38013 | D:7      | 38013 ||| PLANNING CONVERSION TO OKAWARU
 38015 | D:6      | 38015 ||| PLANNING D:1-11
 38060 | D:6      | 38060 ||| PLANNING CONVERSION TO OKAWARU
 38060 | D:6      | 38060 ||| PLANNING D:1-11
 38060 | D:6      | 38060 ||| Stepping randomly (stuck).
 38109 | D:7      | 38109 ||| PLANNING CONVERSION TO OKAWARU
 38111 | D:6      | 38111 ||| PLANNING D:1-11
 38156 | D:6      | 38156 ||| PLANNING CONVERSION TO OKAWARU
 38156 | D:6      | 38156 ||| PLANNING D:1-11
 38156 | D:6      | 38156 ||| Stepping randomly (stuck).
 38205 | D:7      | 38205 ||| PLANNING CONVERSION TO OKAWARU
 38207 | D:6      | 38207 ||| PLANNING D:1-11
 38252 | D:6      | 38252 ||| PLANNING CONVERSION TO OKAWARU
 38252 | D:6      | 38252 ||| PLANNING D:1-11
 38252 | D:6      | 38252 ||| Stepping randomly (stuck).
 38301 | D:7      | 38301 ||| PLANNING CONVERSION TO OKAWARU
 38303 | D:6      | 38303 ||| PLANNING D:1-11
 38348 | D:6      | 38348 ||| PLANNING CONVERSION TO OKAWARU
 38348 | D:6      | 38348 ||| PLANNING D:1-11
 38348 | D:6      | 38348 ||| Stepping randomly (stuck).
 38397 | D:7      | 38397 ||| PLANNING CONVERSION TO OKAWARU
 38399 | D:6      | 38399 ||| PLANNING D:1-11
 38444 | D:6      | 38444 ||| PLANNING CONVERSION TO OKAWARU
 38444 | D:6      | 38444 ||| PLANNING D:1-11
 38444 | D:6      | 38444 ||| Stepping randomly (stuck).
 38493 | D:7      | 38493 ||| PLANNING CONVERSION TO OKAWARU
 38495 | D:6      | 38495 ||| PLANNING D:1-11
 38540 | D:6      | 38540 ||| PLANNING CONVERSION TO OKAWARU
 38540 | D:6      | 38540 ||| PLANNING D:1-11
 38540 | D:6      | 38540 ||| Stepping randomly (stuck).
 38589 | D:7      | 38589 ||| PLANNING CONVERSION TO OKAWARU
 38591 | D:6      | 38591 ||| PLANNING D:1-11
 38636 | D:6      | 38636 ||| PLANNING CONVERSION TO OKAWARU
 38636 | D:6      | 38636 ||| PLANNING D:1-11
 38636 | D:6      | 38636 ||| Stepping randomly (stuck).
 38685 | D:7      | 38685 ||| PLANNING CONVERSION TO OKAWARU
 38687 | D:6      | 38687 ||| PLANNING D:1-11
 38732 | D:6      | 38732 ||| PLANNING CONVERSION TO OKAWARU
 38732 | D:6      | 38732 ||| PLANNING D:1-11
 38732 | D:6      | 38732 ||| Stepping randomly (stuck).
 38781 | D:7      | 38781 ||| PLANNING CONVERSION TO OKAWARU
 38783 | D:6      | 38783 ||| PLANNING D:1-11
 38828 | D:6      | 38828 ||| PLANNING CONVERSION TO OKAWARU
 38828 | D:6      | 38828 ||| PLANNING D:1-11
 38828 | D:6      | 38828 ||| Stepping randomly (stuck).
 38877 | D:7      | 38877 ||| PLANNING CONVERSION TO OKAWARU
 38879 | D:6      | 38879 ||| PLANNING D:1-11
 38924 | D:6      | 38924 ||| PLANNING CONVERSION TO OKAWARU
 38924 | D:6      | 38924 ||| PLANNING D:1-11
 38924 | D:6      | 38924 ||| Stepping randomly (stuck).
 38973 | D:7      | 38973 ||| PLANNING CONVERSION TO OKAWARU
 38975 | D:6      | 38975 ||| PLANNING D:1-11
 39020 | D:6      | 39020 ||| PLANNING CONVERSION TO OKAWARU
 39020 | D:6      | 39020 ||| PLANNING D:1-11
 39020 | D:6      | 39020 ||| Stepping randomly (stuck).
 39069 | D:7      | 39069 ||| PLANNING CONVERSION TO OKAWARU
 39071 | D:6      | 39071 ||| PLANNING D:1-11
 39116 | D:6      | 39116 ||| PLANNING CONVERSION TO OKAWARU
 39116 | D:6      | 39116 ||| PLANNING D:1-11
 39116 | D:6      | 39116 ||| Stepping randomly (stuck).
 39165 | D:7      | 39165 ||| PLANNING CONVERSION TO OKAWARU
 39167 | D:6      | 39167 ||| PLANNING D:1-11
 39212 | D:6      | 39212 ||| PLANNING CONVERSION TO OKAWARU
 39212 | D:6      | 39212 ||| PLANNING D:1-11
 39212 | D:6      | 39212 ||| Stepping randomly (stuck).
 39261 | D:7      | 39261 ||| PLANNING CONVERSION TO OKAWARU
 39263 | D:6      | 39263 ||| PLANNING D:1-11
 39308 | D:6      | 39308 ||| PLANNING CONVERSION TO OKAWARU
 39308 | D:6      | 39308 ||| PLANNING D:1-11
 39308 | D:6      | 39308 ||| Stepping randomly (stuck).
 39357 | D:7      | 39357 ||| PLANNING CONVERSION TO OKAWARU
 39359 | D:6      | 39359 ||| PLANNING D:1-11
 39404 | D:6      | 39404 ||| PLANNING CONVERSION TO OKAWARU
 39404 | D:6      | 39404 ||| PLANNING D:1-11
 39404 | D:6      | 39404 ||| Stepping randomly (stuck).
 39453 | D:7      | 39453 ||| PLANNING CONVERSION TO OKAWARU
 39455 | D:6      | 39455 ||| PLANNING D:1-11
 39500 | D:6      | 39500 ||| PLANNING CONVERSION TO OKAWARU
 39500 | D:6      | 39500 ||| PLANNING D:1-11
 39500 | D:6      | 39500 ||| Stepping randomly (stuck).
 39549 | D:7      | 39549 ||| PLANNING CONVERSION TO OKAWARU
 39551 | D:6      | 39551 ||| PLANNING D:1-11
 39596 | D:6      | 39596 ||| PLANNING CONVERSION TO OKAWARU
 39596 | D:6      | 39596 ||| PLANNING D:1-11
 39596 | D:6      | 39596 ||| Stepping randomly (stuck).
 39645 | D:7      | 39645 ||| PLANNING CONVERSION TO OKAWARU
 39647 | D:6      | 39647 ||| PLANNING D:1-11
 39692 | D:6      | 39692 ||| PLANNING CONVERSION TO OKAWARU
 39692 | D:6      | 39692 ||| PLANNING D:1-11
 39692 | D:6      | 39692 ||| Stepping randomly (stuck).
 39741 | D:7      | 39741 ||| PLANNING CONVERSION TO OKAWARU
 39743 | D:6      | 39743 ||| PLANNING D:1-11
 39788 | D:6      | 39788 ||| PLANNING CONVERSION TO OKAWARU
 39788 | D:6      | 39788 ||| PLANNING D:1-11
 39788 | D:6      | 39788 ||| Stepping randomly (stuck).
 39837 | D:7      | 39837 ||| PLANNING CONVERSION TO OKAWARU
 39839 | D:6      | 39839 ||| PLANNING D:1-11
 39884 | D:6      | 39884 ||| PLANNING CONVERSION TO OKAWARU
 39884 | D:6      | 39884 ||| PLANNING D:1-11
 39884 | D:6      | 39884 ||| Stepping randomly (stuck).
 39933 | D:7      | 39933 ||| PLANNING CONVERSION TO OKAWARU
 39935 | D:6      | 39935 ||| PLANNING D:1-11
 39980 | D:6      | 39980 ||| PLANNING CONVERSION TO OKAWARU
 39980 | D:6      | 39980 ||| PLANNING D:1-11
 39980 | D:6      | 39980 ||| Stepping randomly (stuck).
 40029 | D:7      | 40029 ||| PLANNING CONVERSION TO OKAWARU
 40031 | D:6      | 40031 ||| PLANNING D:1-11
 40076 | D:6      | 40076 ||| PLANNING CONVERSION TO OKAWARU
 40076 | D:6      | 40076 ||| PLANNING D:1-11
 40076 | D:6      | 40076 ||| Stepping randomly (stuck).
 40125 | D:7      | 40125 ||| PLANNING CONVERSION TO OKAWARU
 40127 | D:6      | 40127 ||| PLANNING D:1-11
 40172 | D:6      | 40172 ||| PLANNING CONVERSION TO OKAWARU
 40172 | D:6      | 40172 ||| PLANNING D:1-11
 40172 | D:6      | 40172 ||| Stepping randomly (stuck).
 40221 | D:7      | 40221 ||| PLANNING CONVERSION TO OKAWARU
 40223 | D:6      | 40223 ||| PLANNING D:1-11
 40268 | D:6      | 40268 ||| PLANNING CONVERSION TO OKAWARU
 40268 | D:6      | 40268 ||| PLANNING D:1-11
 40268 | D:6      | 40268 ||| Stepping randomly (stuck).
 40317 | D:7      | 40317 ||| PLANNING CONVERSION TO OKAWARU
 40319 | D:6      | 40319 ||| PLANNING D:1-11
 40364 | D:6      | 40364 ||| PLANNING CONVERSION TO OKAWARU
 40364 | D:6      | 40364 ||| PLANNING D:1-11
 40364 | D:6      | 40364 ||| Stepping randomly (stuck).
 40413 | D:7      | 40413 ||| PLANNING CONVERSION TO OKAWARU
 40415 | D:6      | 40415 ||| PLANNING D:1-11
 40460 | D:6      | 40460 ||| PLANNING CONVERSION TO OKAWARU
 40460 | D:6      | 40460 ||| PLANNING D:1-11
 40460 | D:6      | 40460 ||| Stepping randomly (stuck).
 40509 | D:7      | 40509 ||| PLANNING CONVERSION TO OKAWARU
 40511 | D:6      | 40511 ||| PLANNING D:1-11
 40556 | D:6      | 40556 ||| PLANNING CONVERSION TO OKAWARU
 40556 | D:6      | 40556 ||| PLANNING D:1-11
 40556 | D:6      | 40556 ||| Stepping randomly (stuck).
 40605 | D:7      | 40605 ||| PLANNING CONVERSION TO OKAWARU
 40607 | D:6      | 40607 ||| PLANNING D:1-11
 40652 | D:6      | 40652 ||| PLANNING CONVERSION TO OKAWARU
 40652 | D:6      | 40652 ||| PLANNING D:1-11
 40652 | D:6      | 40652 ||| Stepping randomly (stuck).
 40701 | D:7      | 40701 ||| PLANNING CONVERSION TO OKAWARU
 40703 | D:6      | 40703 ||| PLANNING D:1-11
 40748 | D:6      | 40748 ||| PLANNING CONVERSION TO OKAWARU
 40748 | D:6      | 40748 ||| PLANNING D:1-11
 40748 | D:6      | 40748 ||| Stepping randomly (stuck).
 40797 | D:7      | 40797 ||| PLANNING CONVERSION TO OKAWARU
 40799 | D:6      | 40799 ||| PLANNING D:1-11
 40844 | D:6      | 40844 ||| PLANNING CONVERSION TO OKAWARU
 40844 | D:6      | 40844 ||| PLANNING D:1-11
 40844 | D:6      | 40844 ||| Stepping randomly (stuck).
 40893 | D:7      | 40893 ||| PLANNING CONVERSION TO OKAWARU
 40895 | D:6      | 40895 ||| PLANNING D:1-11
 40940 | D:6      | 40940 ||| PLANNING CONVERSION TO OKAWARU
 40940 | D:6      | 40940 ||| PLANNING D:1-11
 40940 | D:6      | 40940 ||| Stepping randomly (stuck).
 40989 | D:7      | 40989 ||| PLANNING CONVERSION TO OKAWARU
 40991 | D:6      | 40991 ||| PLANNING D:1-11
 41036 | D:6      | 41036 ||| PLANNING CONVERSION TO OKAWARU
 41036 | D:6      | 41036 ||| PLANNING D:1-11
 41036 | D:6      | 41036 ||| Stepping randomly (stuck).
 41085 | D:7      | 41085 ||| PLANNING CONVERSION TO OKAWARU
 41087 | D:6      | 41087 ||| PLANNING D:1-11
 41132 | D:6      | 41132 ||| PLANNING CONVERSION TO OKAWARU
 41132 | D:6      | 41132 ||| PLANNING D:1-11
 41132 | D:6      | 41132 ||| Stepping randomly (stuck).
 41181 | D:7      | 41181 ||| PLANNING CONVERSION TO OKAWARU
 41183 | D:6      | 41183 ||| PLANNING D:1-11
 41228 | D:6      | 41228 ||| PLANNING CONVERSION TO OKAWARU
 41228 | D:6      | 41228 ||| PLANNING D:1-11
 41228 | D:6      | 41228 ||| Stepping randomly (stuck).
 41277 | D:7      | 41277 ||| PLANNING CONVERSION TO OKAWARU
 41279 | D:6      | 41279 ||| PLANNING D:1-11
 41324 | D:6      | 41324 ||| PLANNING CONVERSION TO OKAWARU
 41324 | D:6      | 41324 ||| PLANNING D:1-11
 41324 | D:6      | 41324 ||| Stepping randomly (stuck).
 41373 | D:7      | 41373 ||| PLANNING CONVERSION TO OKAWARU
 41375 | D:6      | 41375 ||| PLANNING D:1-11
 41420 | D:6      | 41420 ||| PLANNING CONVERSION TO OKAWARU
 41420 | D:6      | 41420 ||| PLANNING D:1-11
 41420 | D:6      | 41420 ||| Stepping randomly (stuck).
 41469 | D:7      | 41469 ||| PLANNING CONVERSION TO OKAWARU
 41471 | D:6      | 41471 ||| PLANNING D:1-11
 41516 | D:6      | 41516 ||| PLANNING CONVERSION TO OKAWARU
 41516 | D:6      | 41516 ||| PLANNING D:1-11
 41516 | D:6      | 41516 ||| Stepping randomly (stuck).
 41565 | D:7      | 41565 ||| PLANNING CONVERSION TO OKAWARU
 41567 | D:6      | 41567 ||| PLANNING D:1-11
 41612 | D:6      | 41612 ||| PLANNING CONVERSION TO OKAWARU
 41612 | D:6      | 41612 ||| PLANNING D:1-11
 41612 | D:6      | 41612 ||| Stepping randomly (stuck).
 41661 | D:7      | 41661 ||| PLANNING CONVERSION TO OKAWARU
 41663 | D:6      | 41663 ||| PLANNING D:1-11
 41708 | D:6      | 41708 ||| PLANNING CONVERSION TO OKAWARU
 41708 | D:6      | 41708 ||| PLANNING D:1-11
 41708 | D:6      | 41708 ||| Stepping randomly (stuck).
 41757 | D:7      | 41757 ||| PLANNING CONVERSION TO OKAWARU
 41759 | D:6      | 41759 ||| PLANNING D:1-11
 41804 | D:6      | 41804 ||| PLANNING CONVERSION TO OKAWARU
 41804 | D:6      | 41804 ||| PLANNING D:1-11
 41804 | D:6      | 41804 ||| Stepping randomly (stuck).
 41853 | D:7      | 41853 ||| PLANNING CONVERSION TO OKAWARU
 41855 | D:6      | 41855 ||| PLANNING D:1-11
 41866 | D:6      | Glimpsed the power of Zot.
 41900 | D:6      | 41900 ||| PLANNING CONVERSION TO OKAWARU
 41900 | D:6      | 41900 ||| PLANNING D:1-11
 41900 | D:6      | 41900 ||| Stepping randomly (stuck).
 41949 | D:7      | 41949 ||| PLANNING CONVERSION TO OKAWARU
 41951 | D:6      | 41951 ||| PLANNING D:1-11
 41996 | D:6      | 41996 ||| PLANNING CONVERSION TO OKAWARU
 41996 | D:6      | 41996 ||| PLANNING D:1-11
 41996 | D:6      | 41996 ||| Stepping randomly (stuck).
 42045 | D:7      | 42045 ||| PLANNING CONVERSION TO OKAWARU
 42047 | D:6      | 42047 ||| PLANNING D:1-11
 42092 | D:6      | 42092 ||| PLANNING CONVERSION TO OKAWARU
 42092 | D:6      | 42092 ||| PLANNING D:1-11
 42092 | D:6      | 42092 ||| Stepping randomly (stuck).
 42141 | D:7      | 42141 ||| PLANNING CONVERSION TO OKAWARU
 42143 | D:6      | 42143 ||| PLANNING D:1-11
 42188 | D:6      | 42188 ||| PLANNING CONVERSION TO OKAWARU
 42188 | D:6      | 42188 ||| PLANNING D:1-11
 42188 | D:6      | 42188 ||| Stepping randomly (stuck).
 42237 | D:7      | 42237 ||| PLANNING CONVERSION TO OKAWARU
 42239 | D:6      | 42239 ||| PLANNING D:1-11
 42284 | D:6      | 42284 ||| PLANNING CONVERSION TO OKAWARU
 42284 | D:6      | 42284 ||| PLANNING D:1-11
 42284 | D:6      | 42284 ||| Stepping randomly (stuck).
 42333 | D:7      | 42333 ||| PLANNING CONVERSION TO OKAWARU
 42335 | D:6      | 42335 ||| PLANNING D:1-11
 42351 | D:6      | Glimpsed the power of Zot.
 42380 | D:6      | 42380 ||| PLANNING CONVERSION TO OKAWARU
 42380 | D:6      | 42380 ||| PLANNING D:1-11
 42380 | D:6      | 42380 ||| Stepping randomly (stuck).
 42429 | D:7      | 42429 ||| PLANNING CONVERSION TO OKAWARU
 42431 | D:6      | 42431 ||| PLANNING D:1-11
 42476 | D:6      | 42476 ||| PLANNING CONVERSION TO OKAWARU
 42476 | D:6      | 42476 ||| PLANNING D:1-11
 42476 | D:6      | 42476 ||| Stepping randomly (stuck).
 42525 | D:7      | 42525 ||| PLANNING CONVERSION TO OKAWARU
 42527 | D:6      | 42527 ||| PLANNING D:1-11
 42572 | D:6      | 42572 ||| PLANNING CONVERSION TO OKAWARU
 42572 | D:6      | 42572 ||| PLANNING D:1-11
 42572 | D:6      | 42572 ||| Stepping randomly (stuck).
 42621 | D:7      | 42621 ||| PLANNING CONVERSION TO OKAWARU
 42623 | D:6      | 42623 ||| PLANNING D:1-11
 42668 | D:6      | 42668 ||| PLANNING CONVERSION TO OKAWARU
 42668 | D:6      | 42668 ||| PLANNING D:1-11
 42668 | D:6      | 42668 ||| Stepping randomly (stuck).
 42717 | D:7      | 42717 ||| PLANNING CONVERSION TO OKAWARU
 42719 | D:6      | 42719 ||| PLANNING D:1-11
 42739 | D:6      | Glimpsed the power of Zot.
 42764 | D:6      | 42764 ||| PLANNING CONVERSION TO OKAWARU
 42764 | D:6      | 42764 ||| PLANNING D:1-11
 42764 | D:6      | 42764 ||| Stepping randomly (stuck).
 42813 | D:7      | 42813 ||| PLANNING CONVERSION TO OKAWARU
 42815 | D:6      | 42815 ||| PLANNING D:1-11
 42836 | D:6      | Touched by the power of Zot.
 42837 | D:6      | Glimpsed the power of Zot.
 42860 | D:6      | 42860 ||| PLANNING CONVERSION TO OKAWARU
 42860 | D:6      | 42860 ||| PLANNING D:1-11
 42860 | D:6      | 42860 ||| Stepping randomly (stuck).
 42909 | D:7      | 42909 ||| PLANNING CONVERSION TO OKAWARU
 42911 | D:6      | 42911 ||| PLANNING D:1-11
 42956 | D:6      | 42956 ||| PLANNING CONVERSION TO OKAWARU
 42956 | D:6      | 42956 ||| PLANNING D:1-11
 42956 | D:6      | 42956 ||| Stepping randomly (stuck).
 43005 | D:7      | 43005 ||| PLANNING CONVERSION TO OKAWARU
 43007 | D:6      | 43007 ||| PLANNING D:1-11
 43052 | D:6      | 43052 ||| PLANNING CONVERSION TO OKAWARU
 43052 | D:6      | 43052 ||| PLANNING D:1-11
 43052 | D:6      | 43052 ||| Stepping randomly (stuck).
 43101 | D:7      | 43101 ||| PLANNING CONVERSION TO OKAWARU
 43103 | D:6      | 43103 ||| PLANNING D:1-11
 43148 | D:6      | 43148 ||| PLANNING CONVERSION TO OKAWARU
 43148 | D:6      | 43148 ||| PLANNING D:1-11
 43148 | D:6      | 43148 ||| Stepping randomly (stuck).
 43197 | D:7      | 43197 ||| PLANNING CONVERSION TO OKAWARU
 43199 | D:6      | 43199 ||| PLANNING D:1-11
 43244 | D:6      | 43244 ||| PLANNING CONVERSION TO OKAWARU
 43244 | D:6      | 43244 ||| PLANNING D:1-11
 43244 | D:6      | 43244 ||| Stepping randomly (stuck).
 43293 | D:7      | 43293 ||| PLANNING CONVERSION TO OKAWARU
 43295 | D:6      | 43295 ||| PLANNING D:1-11
 43322 | D:6      | Glimpsed the power of Zot.
 43340 | D:6      | 43340 ||| PLANNING CONVERSION TO OKAWARU
 43340 | D:6      | 43340 ||| PLANNING D:1-11
 43340 | D:6      | 43340 ||| Stepping randomly (stuck).
 43389 | D:7      | 43389 ||| PLANNING CONVERSION TO OKAWARU
 43391 | D:6      | 43391 ||| PLANNING D:1-11
 43436 | D:6      | 43436 ||| PLANNING CONVERSION TO OKAWARU
 43436 | D:6      | 43436 ||| PLANNING D:1-11
 43436 | D:6      | 43436 ||| Stepping randomly (stuck).
 43485 | D:7      | 43485 ||| PLANNING CONVERSION TO OKAWARU
 43487 | D:6      | 43487 ||| PLANNING D:1-11
 43532 | D:6      | 43532 ||| PLANNING CONVERSION TO OKAWARU
 43532 | D:6      | 43532 ||| PLANNING D:1-11
 43532 | D:6      | 43532 ||| Stepping randomly (stuck).
 43581 | D:7      | 43581 ||| PLANNING CONVERSION TO OKAWARU
 43583 | D:6      | 43583 ||| PLANNING D:1-11
 43628 | D:6      | 43628 ||| PLANNING CONVERSION TO OKAWARU
 43628 | D:6      | 43628 ||| PLANNING D:1-11
 43628 | D:6      | 43628 ||| Stepping randomly (stuck).
 43677 | D:7      | 43677 ||| PLANNING CONVERSION TO OKAWARU
 43679 | D:6      | 43679 ||| PLANNING D:1-11
 43710 | D:6      | Glimpsed the power of Zot.
 43724 | D:6      | 43724 ||| PLANNING CONVERSION TO OKAWARU
 43724 | D:6      | 43724 ||| PLANNING D:1-11
 43724 | D:6      | 43724 ||| Stepping randomly (stuck).
 43773 | D:7      | 43773 ||| PLANNING CONVERSION TO OKAWARU
 43775 | D:6      | 43775 ||| PLANNING D:1-11
 43806 | D:6      | Touched by the power of Zot.
 43807 | D:6      | Glimpsed the power of Zot.
 43820 | D:6      | 43820 ||| PLANNING CONVERSION TO OKAWARU
 43820 | D:6      | 43820 ||| PLANNING D:1-11
 43820 | D:6      | 43820 ||| Stepping randomly (stuck).
 43869 | D:7      | 43869 ||| PLANNING CONVERSION TO OKAWARU
 43871 | D:6      | 43871 ||| PLANNING D:1-11
 43916 | D:6      | 43916 ||| PLANNING CONVERSION TO OKAWARU
 43916 | D:6      | 43916 ||| PLANNING D:1-11
 43916 | D:6      | 43916 ||| Stepping randomly (stuck).
 43965 | D:7      | 43965 ||| PLANNING CONVERSION TO OKAWARU
 43967 | D:6      | 43967 ||| PLANNING D:1-11
 44012 | D:6      | 44012 ||| PLANNING CONVERSION TO OKAWARU
 44012 | D:6      | 44012 ||| PLANNING D:1-11
 44012 | D:6      | 44012 ||| Stepping randomly (stuck).
 44061 | D:7      | 44061 ||| PLANNING CONVERSION TO OKAWARU
 44063 | D:6      | 44063 ||| PLANNING D:1-11
 44108 | D:6      | 44108 ||| PLANNING CONVERSION TO OKAWARU
 44108 | D:6      | 44108 ||| PLANNING D:1-11
 44108 | D:6      | 44108 ||| Stepping randomly (stuck).
 44157 | D:7      | 44157 ||| PLANNING CONVERSION TO OKAWARU
 44159 | D:6      | 44159 ||| PLANNING D:1-11
 44204 | D:6      | 44204 ||| PLANNING CONVERSION TO OKAWARU
 44204 | D:6      | 44204 ||| PLANNING D:1-11
 44204 | D:6      | 44204 ||| Stepping randomly (stuck).
 44253 | D:7      | 44253 ||| PLANNING CONVERSION TO OKAWARU
 44255 | D:6      | 44255 ||| PLANNING D:1-11
 44292 | D:6      | Glimpsed the power of Zot.
 44300 | D:6      | 44300 ||| PLANNING CONVERSION TO OKAWARU
 44300 | D:6      | 44300 ||| PLANNING D:1-11
 44300 | D:6      | 44300 ||| Stepping randomly (stuck).
 44349 | D:7      | 44349 ||| PLANNING CONVERSION TO OKAWARU
 44351 | D:6      | 44351 ||| PLANNING D:1-11
 44396 | D:6      | 44396 ||| PLANNING CONVERSION TO OKAWARU
 44396 | D:6      | 44396 ||| PLANNING D:1-11
 44396 | D:6      | 44396 ||| Stepping randomly (stuck).
 44445 | D:7      | 44445 ||| PLANNING CONVERSION TO OKAWARU
 44447 | D:6      | 44447 ||| PLANNING D:1-11
 44492 | D:6      | 44492 ||| PLANNING CONVERSION TO OKAWARU
 44492 | D:6      | 44492 ||| PLANNING D:1-11
 44492 | D:6      | 44492 ||| Stepping randomly (stuck).
 44541 | D:7      | 44541 ||| PLANNING CONVERSION TO OKAWARU
 44543 | D:6      | 44543 ||| PLANNING D:1-11
 44588 | D:6      | 44588 ||| PLANNING CONVERSION TO OKAWARU
 44588 | D:6      | 44588 ||| PLANNING D:1-11
 44588 | D:6      | 44588 ||| Stepping randomly (stuck).
 44637 | D:7      | 44637 ||| PLANNING CONVERSION TO OKAWARU
 44639 | D:6      | 44639 ||| PLANNING D:1-11
 44680 | D:6      | Glimpsed the power of Zot.
 44684 | D:6      | 44684 ||| PLANNING CONVERSION TO OKAWARU
 44684 | D:6      | 44684 ||| PLANNING D:1-11
 44684 | D:6      | 44684 ||| Stepping randomly (stuck).
 44733 | D:7      | 44733 ||| PLANNING CONVERSION TO OKAWARU
 44735 | D:6      | 44735 ||| PLANNING D:1-11
 44776 | D:6      | Touched by the power of Zot.
 44777 | D:5      | Glimpsed the power of Zot.
 44780 | D:6      | 44780 ||| PLANNING CONVERSION TO OKAWARU
 44780 | D:6      | 44780 ||| PLANNING D:1-11
 44780 | D:6      | 44780 ||| Stepping randomly (stuck).
 44829 | D:7      | 44829 ||| PLANNING CONVERSION TO OKAWARU
 44831 | D:6      | 44831 ||| PLANNING D:1-11
 44876 | D:6      | 44876 ||| PLANNING CONVERSION TO OKAWARU
 44876 | D:6      | 44876 ||| PLANNING D:1-11
 44876 | D:6      | 44876 ||| Stepping randomly (stuck).
 44925 | D:7      | 44925 ||| PLANNING CONVERSION TO OKAWARU
 44927 | D:6      | 44927 ||| PLANNING D:1-11
 44972 | D:6      | 44972 ||| PLANNING CONVERSION TO OKAWARU
 44972 | D:6      | 44972 ||| PLANNING D:1-11
 44972 | D:6      | 44972 ||| Stepping randomly (stuck).
 45021 | D:7      | 45021 ||| PLANNING CONVERSION TO OKAWARU
 45023 | D:6      | 45023 ||| PLANNING D:1-11
 45068 | D:6      | 45068 ||| PLANNING CONVERSION TO OKAWARU
 45068 | D:6      | 45068 ||| PLANNING D:1-11
 45068 | D:6      | 45068 ||| Stepping randomly (stuck).
 45117 | D:7      | 45117 ||| PLANNING CONVERSION TO OKAWARU
 45119 | D:6      | 45119 ||| PLANNING D:1-11
 45164 | D:6      | 45164 ||| PLANNING CONVERSION TO OKAWARU
 45164 | D:6      | 45164 ||| PLANNING D:1-11
 45164 | D:6      | 45164 ||| Stepping randomly (stuck).
 45213 | D:7      | 45213 ||| PLANNING CONVERSION TO OKAWARU
 45215 | D:6      | 45215 ||| PLANNING D:1-11
 45260 | D:6      | 45260 ||| PLANNING CONVERSION TO OKAWARU
 45260 | D:6      | 45260 ||| PLANNING D:1-11
 45260 | D:6      | 45260 ||| Stepping randomly (stuck).
 45261 | D:6      | Glimpsed the power of Zot.
 45309 | D:7      | 45309 ||| PLANNING CONVERSION TO OKAWARU
 45311 | D:6      | 45311 ||| PLANNING D:1-11
 45356 | D:6      | 45356 ||| PLANNING CONVERSION TO OKAWARU
 45356 | D:6      | 45356 ||| PLANNING D:1-11
 45356 | D:6      | 45356 ||| Stepping randomly (stuck).
 45405 | D:7      | 45405 ||| PLANNING CONVERSION TO OKAWARU
 45407 | D:6      | 45407 ||| PLANNING D:1-11
 45452 | D:6      | 45452 ||| PLANNING CONVERSION TO OKAWARU
 45452 | D:6      | 45452 ||| PLANNING D:1-11
 45452 | D:6      | 45452 ||| Stepping randomly (stuck).
 45501 | D:7      | 45501 ||| PLANNING CONVERSION TO OKAWARU
 45503 | D:6      | 45503 ||| PLANNING D:1-11
 45548 | D:6      | 45548 ||| PLANNING CONVERSION TO OKAWARU
 45548 | D:6      | 45548 ||| PLANNING D:1-11
 45548 | D:6      | 45548 ||| Stepping randomly (stuck).
 45597 | D:7      | 45597 ||| PLANNING CONVERSION TO OKAWARU
 45599 | D:6      | 45599 ||| PLANNING D:1-11
 45644 | D:6      | 45644 ||| PLANNING CONVERSION TO OKAWARU
 45644 | D:6      | 45644 ||| PLANNING D:1-11
 45644 | D:6      | 45644 ||| Stepping randomly (stuck).
 45648 | D:5      | Glimpsed the power of Zot.
 45693 | D:7      | 45693 ||| PLANNING CONVERSION TO OKAWARU
 45695 | D:6      | 45695 ||| PLANNING D:1-11
 45740 | D:6      | 45740 ||| PLANNING CONVERSION TO OKAWARU
 45740 | D:6      | 45740 ||| PLANNING D:1-11
 45740 | D:6      | 45740 ||| Stepping randomly (stuck).
 45745 | D:6      | Tarried too long and was consumed by Zot

Levels and vault maps discovered:
D:1:      dpeg_arrival_another_circle, layout_basic,
          shapermc_ecumenical_altar_gd, serial_shops, shop, minmay_unequal
D:2:      layout_basic, serial_shops, nicolae_shop_bloodbath_and_beyond,
          uniq_jessica, uniq_terence
D:3:      layout_basic, mainiacjoe_overflow_chevrons
D:4:      layout_basic, mainiacjoe_overflow_concentric_impassable,
          mainiacjoe_overflow_tiny_flanked, general_overflow_altar,
          bloody_makhleb, lemuel_crystal_altar, serial_shops, shop,
          lexackson_kobold_supper
D:5:      layout_basic, serial_shops, nicolae_shop_crystal,
          nicolae_shop_window_shopping
D:6:      layout_loops_corners, okawaru_metal_pillars_1_2, lemuel_crystal_altar,
          minmay_temple_entry_grid, uniq_blork_the_orc, uniq_edmund
D:7:      layout_cave_pools, kennysheep_mini, amcnicky_altar_gilded
D:8:      layout_basic, led_sif_pool, minivault_14, nicolae_shop_vocational,
          uniq_erica
D:9:      layout_loops_cross, lemuel_doored_altar, orc_0_dummy, uniq_erolcha,
          uniq_maggie
D:10:     layout_rooms, nicolae_gozag_conspicuous_consumption
D:11:     minmay_inside_and_out, layout_rooms, lair_entry_dummy,
          nicolae_hepliaklqana_hazy_memory, uniq_josephine
Lair:1:   layout_layer_cave, dreamdust_mushroom_princess, grunt_megastairs_1
Lair:2:   layout_regular_city, nicolae_spider_entry_tight_spaces,
          evilmike_ambush [evilmike_ambush_outer_basic,
          evilmike_ambush_inner_basic], uniq_gastronok, uniq_nergalle, uniq_urug
Lair:3:   regret_index_wax_grids, layout_regular_city, skrybe_swamp_entry_bodies
Lair:4:   layout_hall_layers, infiniplex_staircase_pool_2, serial_bayou_shore_a,
          lemuel_fruit_tree
Lair:5:   hellmonk_lair_end_abyssal_woods, layout_regular_city, slime_entry_1,
          minivault_11, lemuel_fruit_fields, infiniplex_staircase_pool

Skill      XL: |  1  2  3  4  5  6  7  8  9 10 11 12 13 14 |
---------------+-------------------------------------------+-----
Axes           | 3 4 5 6 7 9 10 11 12 14 15 16 | 16.0
Armour         | 1 3 4 5 6 7 8 9 |  9.0
Dodging        | 1 2 4 5 6 |  6.0
Throwing       | 2 3 4 5 |  5.0
Fighting       | 4 5 6 7 8 9 10 11 | 11.0
Shields        | 4 7 8 9 10 | 10.3
Spellcasting   | |  1.0
Fire Magic     | |  2.6

Action                   |  1- 3 |  4- 6 |  7- 9 | 10-12 | 13-15 || total
-------------------------+-------+-------+-------+-------+-------++-------
Melee: Hand axe          |    82 |   134 |   172 |       |       ||   388
       Punch             |     1 |       |     3 |       |       ||     4
       Headbutt          |       |    21 |    39 |   129 |   205 ||   394
       War axe           |       |       |     8 |   548 |   720 ||  1276
       Flail             |       |       |       |    24 |    38 ||    62
       Unarmed           |       |       |       |       |     4 ||     4
Throw: Boomerang         |       |    51 |    64 |    77 |     5 ||   197
       Javelin           |       |       |       |       |    63 ||    63
Invok: Fiery Armour      |     1 |     4 |     4 |     4 |       ||    13
  Use: Scroll            |     6 |    12 |    12 |    11 |     6 ||    47
       Potion            |     1 |       |     2 |     4 |       ||     7
 Stab: Distracted        |       |       |     1 |       |       ||     1
Armor: Robe              |    12 |       |       |       |       ||    12
       Scale mail        |     6 |    56 |    16 |       |       ||    78
       Chain mail        |       |       |     9 |       |       ||     9
       Plate armour      |       |       |    47 |   278 |   394 ||   719
Dodge: Dodged            |    31 |    33 |    64 |   132 |   178 ||   438
Block: Other             |       |    11 |    21 |       |       ||    32
       Kite shield       |       |       |     4 |   434 |   562 ||  1000

Table legend:
 A = Non-vault XP
 B = Vault XP
 C = Vault XP percentage of total XP
 D = Non-vault monster count
 E = Vault monster count
 F = Vault count percentage of total count
                 A         B        C        D         E       F
            +---------+---------+-------+---------+---------+-------
      Total |   52907 |   37508 |  41.5 |     324 |     153 |  32.1
            +---------+---------+-------+---------+---------+-------
        D:1 |      40 |       3 |   7.0 |      22 |       2 |   8.3
        D:2 |      47 |      73 |  60.8 |      13 |       2 |  13.3
        D:3 |     180 |       0 |   0.0 |      27 |       0 |   0.0
        D:4 |      72 |     110 |  60.4 |      15 |       8 |  34.8
        D:5 |     611 |       0 |   0.0 |      17 |       0 |   0.0
        D:6 |     685 |     255 |  27.1 |      10 |       2 |  16.7
        D:7 |     730 |       0 |   0.0 |      16 |       0 |   0.0
        D:8 |     872 |     844 |  49.2 |      22 |       1 |   4.3
        D:9 |    2330 |    1250 |  34.9 |      11 |       2 |  15.4
       D:10 |    1724 |       0 |   0.0 |      11 |       0 |   0.0
       D:11 |    2925 |    6552 |  69.1 |      15 |      18 |  54.5
     Lair:1 |    6774 |    1913 |  22.0 |      26 |      10 |  27.8
     Lair:2 |    6828 |    6262 |  47.8 |      24 |      16 |  40.0
     Lair:3 |    6597 |    7400 |  52.9 |      24 |      46 |  65.7
     Lair:4 |    6675 |       0 |   0.0 |      26 |       0 |   0.0
     Lair:5 |   15817 |   12846 |  44.8 |      45 |      46 |  50.5
            +---------+---------+-------+---------+---------+-------
